 Dungeon Crawl Stone Soup version 0.32-a0-673-g3729bd50f8 (webtiles) character file.

Game seed: 15660826941158631577

16963548 Dirtsage the Plane Walker (level 27, 323/323 HPs)
             Began as a Demonspawn Hunter on Mar 9, 2024.
             Was the Champion of Wu Jian.
             Escaped with the Orb
             ... and 15 runes
             ... and 1 gem on Mar 10, 2024!
             The game lasted 06:26:47 (92804 turns).

Dirtsage the Plane Walker (Demonspawn Hunter)      Turns: 92804, Time: 06:26:47

Health: 323/323    AC: 48    Str: 29    XL:     27
Magic:  43/43      EV: 29    Int: 17    God:    Wu Jian [******]
Gold:   19392      SH: 36    Dex: 24    Spells: 41/58 levels left

rFire   + +          .
                       - Unarmed
rCold   + + +        z - +8 tower shield {rC+}
rNeg    + + +        j - +12 gold dragon scales
rPois   ∞            T - +2 helmet {SInv}
rElec   +            I - +1 cloak "Zyxegg" {rC+ Str+3 Int+3 Dex+3}
rCorr   +            (gloves unavailable)
SInv    +            L - +2 pair of slick slippers {slick, slippery, EV+4}
Will    +++++        H - amulet of faith Stlth
                     r - ring "Xevonah" {*Slow rElec Will++ rCorr Str+6}
HPRegen 0.73/turn    k - ring "Lareha" {Fly rF+ Str+3 Stlth+}
MPRegen 0.56/turn

%: slow self (1%), guardian spirit, faith
@: death-form, flying, studying 3 skills
A: vile attack, torment immunity, no potions, claws 3, powered by death 3,
robust 3, magic shield, magic regeneration, magic link, (sanguine armour 3),
mutation resistance 1, inability to read after injury 1
0: Orb of Zot
}: 15/15 runes: decaying, serpentine, slimy, silver, golden, iron, obsidian,
icy, bone, abyssal, demonic, glowing, magical, fiery, dark
a: Siphon Essence, Begin Untransformation, Renounce Religion, Wall Jump,
Serpent's Lash, Heavenly Storm


You escaped.
You worshipped Wu Jian.
Wu Jian was exalted by your worship.
You were an undying horror.
You visited 18 branches of the dungeon, and saw 87 of its levels.
You visited Pandemonium 1 time, and saw 18 of its levels.
You visited the Abyss 4 times.
You visited 1 bazaar.
You completed 1 ziggurat, and saw 27 of its levels.
You also visited: Trove, Wizlab and Desolation.

You collected 22399 gold pieces.
You spent 3007 gold pieces at shops.

Inventory:

Armour
 j - +12 gold dragon scales (worn)
 z - a +8 tower shield of cold resistance (worn)
 I - the +1 cloak "Zyxegg" (worn) {rC+ Str+3 Int+3 Dex+3}
   (You found it in a wizard's laboratory)

   Str+3:     It affects your strength (+3).
   Int+3:     It affects your intelligence (+3).
   Dex+3:     It affects your dexterity (+3).
   rC+:       It protects you from cold.
 L - the +2 pair of slick slippers (worn) {slick, slippery, EV+4}
   (You found it in the Desolation of Salt)

   Slick:     Its wearer cannot be constricted, engulfed, netted, webbed, or
   stopped by binding sigils.
   Slippery:  Its wearer slips away from damaging melee attacks, pulling the
   attacker onward.
   EV+4:      It affects your evasion (+4).
 N - the +0 mask of the Dragon {Will+ Slay+3 SInv}
   (You found it on level 22 of a ziggurat)

   Slay+3:    It affects your accuracy & damage with ranged weapons and melee
   (+3).
   Will+:     It increases your willpower.
   SInv:      It lets you see invisible.
 T - a +2 helmet of see invisible (worn)
 U - the +1 helmet "Puaruy Ruqer" {rF+ rC+ Slay-5}
   (You acquired it on level 25 of a ziggurat)

   Slay-5:    It affects your accuracy & damage with ranged weapons and melee
   (-5).
   rF+:       It protects you from fire.
   rC+:       It protects you from cold.
Magical Staves
 X - the staff of Peace {rElec rPois Hexes Summ Alchemy}
   (You found it in Pandemonium)

   [staff of alchemy]

   Base accuracy: +5 Base damage: 5 Base attack delay: 1.2 This weapon's minimum
   attack delay (0.6) is reached at skill level 12.
   rElec:     It insulates you from electricity.
   rPois:     It protects you from poison.
   Hexes:     It increases the power of your Hexes spells.
   Summ:      It increases the power of your Summonings spells.
   Alchemy:   It increases the power of your Alchemy spells.
   It falls into the 'Staves' category.
   It is a one-handed weapon.
Jewellery
 c - the ring "Wytim" {rF+ Will+ Dex+2}
   (You found it on level 17 of a ziggurat)

   [ring of protection from fire]

   Dex+2:     It affects your dexterity (+2).
   rF+:       It protects you from fire.
   Will+:     It increases your willpower.
 f - the ring of Departure {Wiz Will+ Str+2}
   (You found it on level 25 of a ziggurat)

   [ring of wizardry]

   Wiz:       It improves your spell success rate.
   Str+2:     It affects your strength (+2).
   Will+:     It increases your willpower.
 i - the ring of Free Will {rPois rN++ rCorr Int-3 SInv}
   (You found it on level 17 of a ziggurat)

   [ring of see invisible]

   Int-3:     It affects your intelligence (-3).
   rPois:     It protects you from poison.
   rN++:      It greatly protects you from negative energy.
   SInv:      It lets you see invisible.
   rCorr:     It protects you from acid and corrosion.
 k - the ring "Lareha" (right claw) {Fly rF+ Str+3 Stlth+}
   (You found it on level 4 of a ziggurat)

   [ring of flight]

   Str+3:     It affects your strength (+3).
   rF+:       It protects you from fire.
   Fly:       It grants you flight.
   Stlth+:    It makes you more stealthy.
 l - a ring of the Octopus King {Fly HP+2 AC+2 EV+2 SH+2}
   (You found it on level 7 of Cocytus)

   [ring of flight]

   AC+2:      It affects your AC (+2).
   EV+2:      It affects your evasion (+2).
   HP+2:      It affects your health (+2).
   Fly:       It grants you flight.
   SH+2:      It affects your SH (+2).
 p - the ring of Azxemamm {rC+ rCorr Str+2 Int+6}
   (You found it on level 3 of the Vaults)

   [ring of intelligence]

   Str+2:     It affects your strength (+2).
   Int+6:     It affects your intelligence (+6).
   rC+:       It protects you from cold.
   rCorr:     It protects you from acid and corrosion.
 q - the amulet "Duf Xieng" {Reflect rC+ Will+ Str-3 SH+5}
   (You found it on level 7 of the Iron City of Dis)

   [amulet of reflection]

   Reflect:   It reflects blocked missile attacks.
   Str-3:     It affects your strength (-3).
   rC+:       It protects you from cold.
   Will+:     It increases your willpower.
   SH+5:      It affects your SH (+5).
 r - the ring "Xevonah" (left claw) {*Slow rElec Will++ rCorr Str+6}
   (You found it on level 26 of a ziggurat)

   [ring of strength]

   Str+6:     It affects your strength (+6).
   rElec:     It insulates you from electricity.
   Will++:    It greatly increases your willpower.
   rCorr:     It protects you from acid and corrosion.
   *Slow:     It may slow you when you take damage.
 u - the ring of Qasho {Will+ MP+9 Str+3}
   (You found it on level 13 of a ziggurat)

   [ring of magical power]

   Str+3:     It affects your strength (+3).
   Will+:     It increases your willpower.
   MP+9:      It affects your magic capacity (+9).
 C - the ring "Wemataz" {rN+ MP+9 Int+2 Dex+4 Slay+4}
   (You found it on level 15 of a ziggurat)

   [ring of slaying]

   Int+2:     It affects your intelligence (+2).
   Dex+4:     It affects your dexterity (+4).
   Slay+4:    It affects your accuracy & damage with ranged weapons and melee
   (+4).
   rN+:       It protects you from negative energy.
   MP+9:      It affects your magic capacity (+9).
 E - the ring "Yriafor" {Fire Will+ rCorr Int+2}
   (You found it on level 3 of the Tomb of the Ancients)

   [ring of fire]

   Fire:      It enhances your fire magic.
   Int+2:     It affects your intelligence (+2).
   rF+:       It protects you from fire.
   rC-:       It makes you vulnerable to cold.
   Will+:     It increases your willpower.
   rCorr:     It protects you from acid and corrosion.
 H - an amulet of faith (around neck)
 J - the ring "Bonwikh" {Fire ^Drain rElec rCorr SInv}
   (You found it on level 27 of a ziggurat)

   [ring of fire]

   Fire:      It enhances your fire magic.
   rF+:       It protects you from fire.
   rC-:       It makes you vulnerable to cold.
   rElec:     It insulates you from electricity.
   SInv:      It lets you see invisible.
   rCorr:     It protects you from acid and corrosion.
   ^Drain:    It drains your maximum health when unequipped.
 Y - the ring of Undoing {rC+ Str+2 Int+3}
   (You found it in Pandemonium)

   [ring of protection from cold]

   Str+2:     It affects your strength (+2).
   Int+3:     It affects your intelligence (+3).
   rC+:       It protects you from cold.
 Z - the amulet "Maeplot" {Reflect +Inv Will+++ SH+5}
   (You took it off a deep elf death mage on level 3 of the Elven Halls)

   [amulet of reflection]

   Reflect:   It reflects blocked missile attacks.
   Will+++:   It greatly increases your willpower.
   +Inv:      It lets you turn invisible.
   SH+5:      It affects your SH (+5).
Talismans
 G - the death talisman of Action (active) {Str-4 Int+4}
   (You found it on level 14 of a ziggurat)

   [talisman of death]

   Str-4:     It affects your strength (-4).
   Int+4:     It affects your intelligence (+4).
Wands
 D - a wand of digging (62)
Scrolls
 b - a scroll of butterflies
 e - 19 scrolls of immolation
 g - 10 scrolls of fear
 m - 6 scrolls of revelation
 o - 21 scrolls of fog
 t - 46 scrolls of teleportation
 x - 4 scrolls of summoning
 B - 18 scrolls of blinking
 O - 6 scrolls of enchant armour
 S - 2 scrolls of torment
 W - 6 scrolls of silence
Potions
 a - 10 potions of cancellation
 d - 27 potions of might
 h - 16 potions of haste
 n - 3 potions of resistance
 s - a potion of mutation
 V - 2 potions of attraction
Miscellaneous
 y - a lightning rod (4/4)
 A - 2 +1 figurines of a ziggurat
 K - a phantom mirror
 P - a phial of floods
 Q - a condenser vane


   Skills:
 O Level 27 Fighting
 - Level 3.9 Long Blades
 - Level 4.3 Ranged Weapons
 O Level 27 Armour
 O Level 27 Dodging
 - Level 0.8 Stealth
 O Level 27 Shields
 O Level 27 Unarmed Combat
 - Level 16.1 Spellcasting
 O Level 27 Translocations
 - Level 14.2 Air Magic
 - Level 7.3 Evocations
 + Level 25.2 Shapeshifting


You had 41 spell levels left.
You knew the following spells:

 Your Spells              Type           Power      Damage    Failure   Level
a - Vhi's Electric Charg  Tloc/Air       100%       N/A       1%          4
b - Manifold Assault      Tloc           81%        N/A       0%          4
c - Disjunction           Tloc           40%        N/A       2%          8
g - Apportation           Tloc           100%       N/A       0%          1

Your spell library contained the following spells:

 Spells                   Type           Power      Damage    Failure   Level
 Blink                    Tloc           100%       N/A       0%          2
 Lesser Beckoning         Tloc           100%       N/A       0%          2
 Gell's Gravitas          Tloc           81%        N/A       0%          3
 Teleport Other           Tloc           81%        N/A       0%          3
 Passage of Golubria      Tloc           81%        N/A       0%          4
 Shock                    Conj/Air       100%       1d9       1%          1
 Mercury Vapours          Alch/Air       74%        N/A       1%          2
 Momentum Strike          Conj/Tloc      100%       3d10      1%          2
 Static Discharge         Conj/Air       74%        3-7/arc   1%          2
 Swiftness                Air            58%        N/A       1%          3
 Volatile Blastmotes      Fire/Tloc      100%       2d18      1%          3
 Airstrike                Air            29%        2d(5-21)  1%          4
 Dimensional Bullseye     Hex/Tloc       28%        N/A       1%          4
 Iskenderun's Mystic Bla  Conj/Tloc      56%        2d12      1%          4
 Dispersal                Tloc           40%        N/A       1%          6
 Summon Forest            Summ/Tloc      28%        N/A       2%          5
 Cigotuvi's Dreadful Rot  Necr/Alch/Air  58%        N/A       5%          2
 Mephitic Cloud           Conj/Alch/Air  29%        N/A       11%         3
 Summon Lightning Spire   Summ/Air       37%        N/A       13%         4
 Foxfire                  Conj/Fire      52%        2x1d6     26%         1
 Freeze                   Ice            52%        1d6       26%         1
 Kiss of Death            Conj/Necr      52%        2d9       26%         1
 Magic Dart               Conj           52%        1d5       26%         1
 Necrotise                Necr           52%        1d6       26%         1
 Sandblast                Erth           26%        2d8       26%         1
 Slow                     Hex            52%        N/A       26%         1
 Sting                    Conj/Alch      52%        1d6       26%         1
 Summon Small Mammal      Summ           52%        N/A       26%         1
 Call Imp                 Summ           26%        N/A       36%         2
 Ensorcelled Hibernation  Hex/Ice        26%        N/A       36%         2
 Jinxbite                 Hex            26%        N/A       36%         2
 Scorch                   Fire           26%        2d6       36%         2
 Searing Ray              Conj           26%        2d5       36%         2
 Sublimation of Blood     Necr           13%        N/A       36%         2
 Arcjolt                  Conj/Air       18%        1d28      36%         5
 Silence                  Hex/Air        18%        N/A       36%         5
 Call Canine Familiar     Summ           13%        N/A       58%         3
 Confusing Touch          Hex            13%        N/A       58%         3
 Dazzling Flash           Conj/Hex       26%        N/A       58%         3
 Frozen Ramparts          Ice            26%        1d4       58%         3
 Fugue of the Fallen      Necr           13%        N/A       58%         3
 Hailstorm                Conj/Ice       13%        3d6       58%         3
 Inner Flame              Hex/Fire       13%        N/A       58%         3
 Ozocubu's Armour         Ice            13%        N/A       58%         3
 Passwall                 Erth           13%        N/A       58%         3
 Sigil of Binding         Hex            13%        N/A       58%         3
 Stone Arrow              Conj/Erth      26%        3d8       58%         3
 Summon Ice Beast         Ice/Summ       13%        N/A       58%         3
 Tukima's Dance           Hex            13%        N/A       58%         3
 Vampiric Draining        Necr           13%        2d6       58%         3
 Freezing Cloud           Conj/Ice/Air   14%        6-21      69%         5
 Conjure Ball Lightning   Conj/Air       18%        3x3d6     90%         6
 Plasma Beam              Fire/Air       18%        2x1d30    90%         6
 Anguish                  Hex/Necr       6%         N/A       94%         4
 Animate Armour           Summ/Erth      26%        N/A       94%         4
 Animate Dead             Necr           13%        N/A       94%         4
 Brom's Barrelling Bould  Conj/Erth      13%        2d4       94%         4
 Cause Fear               Hex            6%         N/A       94%         4
 Dispel Undead            Necr           13%        3d9       94%         4
 Flame Wave               Conj/Fire      13%        2d6       94%         4
 Fulminant Prism          Conj/Alch      6%         3d7       94%         4
 Ignite Poison            Fire/Alch      13%        N/A       94%         4
 Leda's Liquefaction      Alch/Erth      6%         N/A       94%         4
 Martyr's Knell           Necr/Summ      13%        N/A       94%         4
 Olgreb's Toxic Radiance  Alch           13%        N/A       94%         4
 Petrify                  Alch/Erth      13%        N/A       94%         4
 Sticky Flame             Fire/Alch      13%        2d5       94%         4
 Summon Blazeheart Golem  Fire/Summ      13%        N/A       94%         4
 Alistair's Intoxication  Alch           8%         N/A       100%        5
 Borgnjor's Vile Clutch   Necr/Erth      6%         N/A       100%        5
 Curse of Agony           Necr           13%        N/A       100%        5
 Fireball                 Conj/Fire      6%         3d5       100%        5
 Irradiate                Conj/Alch      6%         3d13      100%        5
 Iskenderun's Battlesphe  Conj           13%        2d7       100%        5
 Lee's Rapid Deconstruct  Erth           6%         3d6*      100%        5
 Metabolic Englaciation   Hex/Ice        6%         N/A       100%        5
 Summon Mana Viper        Hex/Summ       13%        N/A       100%        5
 Yara's Violent Unravell  Hex/Alch       6%         3d5       100%        5
 Bombard                  Conj/Erth      6%         9d2       100%        6
 Death Channel            Necr           6%         N/A       100%        6
 Eringya's Noxious Bog    Alch           6%         4d6       100%        6
 Sculpt Simulacrum        Ice/Alch       6%         N/A       100%        6
 Starburst                Conj/Fire      6%         6d4       100%        6
 Summon Cactus Giant      Summ           6%         N/A       100%        6
 Enfeeble                 Hex            6%         N/A       100%        7
 Haunt                    Necr/Summ      6%         N/A       100%        7
 Monstrous Menagerie      Summ           6%         N/A       100%        7
 Orb of Destruction       Conj           6%         9d6       100%        7
 Ozocubu's Refrigeration  Ice            6%         4d8       100%        7
 Spellforged Servitor     Conj/Summ      6%         N/A       100%        7
 Summon Hydra             Summ           6%         N/A       100%        7
 Discord                  Hex            6%         N/A       100%        8
 Ignition                 Fire           6%         3d4       100%        8
 Lehudib's Crystal Spear  Conj/Erth      6%         10d3      100%        8
 Chain Lightning          Conj/Air       18%        3d24      100%        9
 Fire Storm               Conj/Fire      6%         8d2       100%        9
 Shatter                  Erth           6%         3d9*      100%        9


Dungeon Overview and Level Annotations

Branches:
Dungeon (15/15)            Temple (1/1) D:4            Lair (5/5) D:10
  Swamp (4/4) Lair:2        Snake (4/4) Lair:2        Slime (5/5) Lair:5
    Orc (2/2) D:10            Elf (3/3) Orc:2        Vaults (5/5) D:13
  Crypt (3/3) Vaults:2       Tomb (3/3) Crypt:3      Depths (4/4) D:15
   Hell (visited)             Dis (7/7) Hell            Geh (7/7) Hell
    Coc (7/7) Hell            Tar (7/7) Hell            Zot (5/5) Depths:4
 WizLab (visited)         Desolation (visited)

Altars:
Ashenzari
Cheibriados
Dithmenos
Fedhas
Gozag
Hepliaklqana
Kikubaaqudgha
Makhleb
Nemelex Xobeh
Okawaru
Qazlal
Ru
Sif Muna
Trog
Uskayaw
Vehumet
Wu Jian
Xom
Yredelemnul
Jiyva

Shops:
D:9 ?=(((   D:10 [:   D:14 *   Orc:2 ?(::   Elf:1 **   Snake:4 *   Vaults:1 (
Vaults:3 ?

Portals:
Hell: Depths:1 Depths:2 Depths:3 Depths:4
Abyss: Depths:1 Depths:3
Pandemonium: Depths:2

Annotations:
Lair:3 exclusion: hydra


Innate Abilities, Weirdness & Mutations

You are an undying horror.
Your melee and unarmed attacks drain, slow and weaken victims.
You are immune to unholy pain and torment.
You cannot drink.
You are immune to poison.
You have claws for hands.
You regenerate a lot of health from kills.
You are extremely robust. (+30% HP)
When hurt, damage is shared between your health and your magic reserves.
You regenerate magic rapidly.
When low on magic, you restore magic in place of health.
((When seriously injured, your blood forms very thick armour. (AC +0)))
You are somewhat resistant to further mutation.
You occasionally lose the ability to read scrolls when taking damage.


Message History

The Council accepts your kill.
You claw the sun demon!
The sun demon decays.
The sun demon is almost dead.
You block the sun demon's attack.
You lunge at the sun demon, in a flurry of attacks.
You claw the sun demon!
The sun demon decays.
The sun demon is moderately wounded.
You eviscerate the sun demon!!!!
You kill the sun demon!
The Council accepts your kill.
You spin and attack the sun demon repeatedly.
You barely miss the sun demon.
The sun demon is almost dead.
You scratch the sun demon.
The sun demon decays.
The sun demon is almost dead.
You see here a +1 demon whip of venom.
You spin and attack the sun demon repeatedly.
You eviscerate the sun demon!!!
You kill the sun demon!
The Council accepts your kill.
There is an escape hatch in the ceiling here.
A mysterious force pulls you upwards. The hatch slams shut behind you.
You reach down and open the door.
There is an open door here.
There is a staircase leading out of the dungeon here.
Search for what [Enter for "exit", or ? for help]?
Okay, then.
Placed new exclusion.
Press: ? - help, v - describe, . - travel A rock wall.
Unknown command.
Search for what [Enter for "exit", or ? for help]? leading Unknown command.
Search for what [Enter for "leading", or ? for help]? out Search for what [Enter for "out", or ? for help]? leading out Can't find anything matching that.
Press: ? - help, v - describe, . - travel The floor.
There is a staircase leading out of the dungeon here.
You have escaped!

......####.##.##♣.♣.........#....
.....PP..#.##.##.##.......###....
...P.♣PP......##.##.#...#.# ####.
##PP♣♣.♣♣..#####.##.#...#.# ###.
#P♣.♣♣P...#####.##.#...#.# #...
##P.♣♣♣PP.....#####.##.##.# ##.#.
.....♣.P..#..##PPP#.......# #....
###...♣...##.##~~~####.#### #..#.
.##.#.P#..##.+..z..'......###..##
..........#####♣.♣##.............
###.#÷#♣♣♣♣♣ #'##.......###....
....#..♣..P♣####..........# #....
######........##..........# ####P
##♣♣PP♣#.##.##.......###....
♣♣♣♣......#.##.####......
#..###...#....# #....PP†
#..#.....####.###PP.♣♣P.


There were no monsters in sight!

Vanquished Creatures
  Cerebov (Pan)
  Antaeus (Coc:7)
  Asmodeus (Geh:7)
  the Royal Jelly (Slime:5)
  Ereshkigal (Tar:7)
  Gloorx Vloq (Pan)
  Lom Lobon (Pan)
  Mnoleg (Pan)
  A seraph (Pan)
  12 dread liches
  the Serpent of Hell (Coc:7)
  Mennas (Depths:3)
  3 orbs of fire (Zot:5)
  Dispater (Dis:7)
  8 pandemonium lords
  Mara (Snake:3)
  11 juggernauts
  8 ancient liches
  41 royal mummies
  the Lernaean hydra (Swamp:4)
  Vv (Zot:3)
  Bai Suzhen (Depths:1)
  Saint Roka (Elf:2)
  16 shard shrikes
  4 Killer Klowns
  Parghit (Depths:3)
  Geryon (Hell)
  4 curse toes
  49 caustic shrikes
  6 golden dragons
  15 bone dragons
  24 profane servitors
  2 pearl dragons (Pan)
  12 iron giants
  6 doom hounds
  17 Tzitzimimeh
  19 Brimstone Fiends
  16 Ice Fiends
  9 electric golems
  17 hellephants
  Jorgrun (Elf:1)
  A moon troll (WizLab)
  22 tentacled monstrosities
  A shard shrike skeleton (Crypt:3)
  26 tainted leviathans
  Zenata (Elf:1)
  Asterion (Vaults:1)
  15 Hell Sentinels
  10 quicksilver dragons
  12 liches
  27 Orb Guardians
  19 tentacled starspawn
  26 titans
  18 searing wretches
  3 deep elf blademasters
  32 ancient champions
  17 sphinxes
  42 acid blobs
  27 Executioners
  3 deep elf master archers
  8 death cobs
  8 tengu reavers
  2 thorn hunters
  Agnes (Elf:2)
  27 nagarajas
  8 shadow dragons
  Aizul (Snake:3)
  20 azure jellies
  31 fire giants
  20 daevas
  5 demonspawn warmongers (Pan)
  16 storm dragons
  9 revenants
  9 protean progenitors
  9 draconian monks
  4 narguns
  16 iron dragons
  3 fenstrider witches
  Roxanne (Swamp:2)
  10 deep elf sorcerers
  24 rockslimes
  24 draconian shifters
  12 draconian knights
  23 vault wardens
  19 frost giants
  An imperial myrmidon (Desolation)
  3 emperor scorpions (Zig:20)
  A spectral caustic shrike (Tar:3)
  13 shard shrike simulacra
  The ghost of Konar the Marksgoblin, a journeyman CoHu of Hepliaklqana (Orc:1)
  19 ghost moths
  3 ghouls
  26 angels
  2 juggernaut zombies
  11 draconian scorchers
  22 draconian stormcallers
  7 quicksilver elementals
  47 balrugs
  22 reapers
  4 deep elf elementalists (Elf:3)
  9 curse skulls
  A spriggan defender (Depths:2)
  14 ophanim (Pan)
  32 orc warlords
  19 draconian annihilators
  14 demonspawn corrupters (Pan)
  11 formless jellyfish
  25 cacodemons
  27 very ugly things
  4 broodmothers
  13 ironbound thunderhulks
  13 demonspawn blood saints
  20 ironbound preservers
  24 quicksilver oozes
  36 stone giants
  13 vampire knights
  3 juggernaut skeletons
  29 apis (Pan)
  Nessos (D:13)
  9 deep elf demonologists
  A starflower (Abyss:3)
  The ghost of Ebahuax the Severer, a journeyman HOFi of Trog (D:15)
  4 caustic shrike skeletons (Pan)
  21 elemental wellsprings
  13 black draconians
  8 demonspawn black suns (Pan)
  4 bunyips
  13 deep elf death magi
  3 halazid warlocks (Desolation)
  9 eleionomae
  10 deep elf annihilators
  25 putrid mouths
  16 white draconians
  11 lorocyprocas
  51 war gargoyles
  6 bennus
  11 spark wasps
  13 wendigos
  8 yellow draconians
  15 green draconians
  Azrael (D:12)
  11 purple draconians
  10 dire elephants
  16 red draconians
  8 eidola
  13 green deaths
  The ghost of jt the Cleaver, a journeyman CoMo of Jiyva (Lair:5)
  16 iron golems
  24 blizzard demons
  3 spectral krakens (Tar:7)
  Snorg (Orc:1)
  16 ettins
  An entropy weaver (shapeshifter) (Abyss:3)
  9 fire dragons
  33 mummy priests
  Josephine (Orc:1)
  13 entropy weavers
  11 jiangshi
  9 ragged hierophants (Desolation)
  10 crystal guardians
  4 merfolk javelineers
  3 deep elf high priests
  13 great orbs of eyes
  3 quicksilver dragon zombies
  2 spriggan zombies
  12 ice dragons
  Erolcha (D:10)
  20 yaktaur captains
  3 quicksilver dragon skeletons
  10 rakshasas
  30 salamander tyrants
  8 hell beasts
  31 vault guards
  4 ghost crabs (Swamp:4)
  13 servants of whispers (Desolation)
  A fenstrider witch zombie (Crypt:1)
  6 juggernaut simulacra
  2 spectral stone giants
  13 alligators
  23 hydras
  9 ironbound frosthearts
  6 jorogumos
  6 ogre magi
  9 caustic shrike simulacra
  A spectral sphinx (D:15)
  18 peacekeepers
  A spectral frost giant (D:15)
  8 radroaches
  6 spriggan skeletons
  12 centaur warriors
  6 spriggan air magi
  A fenstrider witch skeleton (Crypt:2)
  47 dancing weapons
  A satyr (Zig:10)
  20 anacondas
  9 stokers
  20 two-headed ogres
  The ghost of bottledwater03 the Fighter, a novice CoBe of Trog (D:8)
  Erica (D:8)
  5 boulder beetles
  4 catoblepae
  4 death knights
  2 sphinx skeletons (Zig:23)
  2 merfolk aquamancers (Zig:8)
  9 deep troll shamans
  21 death yaks (Lair:5)
  15 deep troll earth magi
  An alligator snapping turtle (Zig:8)
  89 death scarabs
  40 hell hogs
  3 titan zombies
  An occultist (Zig:16)
  2 tengu warriors
  9 vampire magi
  16 demonic crawlers
  22 naga warriors
  2 spriggan berserkers
  21 naga sharpshooters
  22 orc high priests
  24 deep elf knights
  2 titan skeletons
  14 shock serpents
  A storm dragon zombie (Zig:23)
  62 sun demons
  7 thrashing horrors
  8 hellephant skeletons (Pan)
  26 iron trolls
  22 soul eaters
  24 hell knights
  11 wretched stars
  The ghost of Filo the Cleaver, a novice MiBe of Trog (D:8)
  4 shadow wraiths
  2 spatial maelstroms
  19 crystal echidnas
  2 golden dragon zombies
  2 skysharks
  8 goliath frogs
  A spectral spark wasp (D:15)
  39 sixfirhies
  36 skeletal warriors
  10 salamander mystics
  2 bunyip zombies
  2 spectral anacondas (Tar:1)
  2 sea snakes
  5 quicksilver dragon simulacra
  9 pharaoh ants
  4 orb spiders
  13 flayed ghosts
  2 spriggan druids (Swamp:1)
  A death drake (shapeshifter) (Abyss:3)
  15 swamp dragons
  4 anaconda zombies
  15 cherubim (Pan)
  12 sun moths (Pan)
  18 phantasmal warriors
  17 deep elf archers
  52 deep trolls
  19 glowing orange brains
  15 shadow demons
  10 arcanists
  3 spriggan simulacra
  8 naga ritualists
  A spectral hydra (Tar:3)
  11 lindwurms
  11 mana vipers
  12 orc knights
  4 orange crystal statues
  17 bog bodies
  4 golden dragon skeletons
  5 steelbarb worms
  A shadow dragon zombie (Crypt:1)
  10 thermic dynamos
  Pikel (D:7)
  4 anaconda skeletons
  33 deep elf zephyrmancers
  19 necromancers
  5 harpies (Vaults:5)
  54 large abominations
  24 ironbound convokers
  13 shining eyes
  26 ugly things
  27 deep elf pyromancers
  13 orc sorcerers
  5 wolf spiders
  A spectral centaur (Tar:2)
  2 tengu skeletons
  7 will-o-the-wisps
  17 salamanders
  A toenail golem (Abyss:3)
  3 fauns
  15 cyclopes
  11 manticores
  A frost giant zombie (D:15)
  A fire giant zombie (Crypt:1)
  5 worldbinders (Abyss:3)
  13 kobold blastminers
  A meliai (Zig:20)
  2 meliai (shapeshifter)
  An alligator skeleton (Hell)
  41 moths of wrath
  An ice statue (Hell)
  23 elephants
  An eye of devastation (shapeshifter) (Depths:4)
  9 rust devils
  An apocalypse crab (Zig:14)
  3 black mambas (shapeshifter)
  16 guardian serpents
  15 molten gargoyles
  55 black mambas
  2 centaur zombies
  12 eyes of devastation
  63 starcursed masses
  5 torpor snails
  31 naga magi
  A water nymph (shapeshifter) (Vaults:5)
  An elephant slug zombie (Crypt:2)
  2 merfolk sirens
  13 vault sentinels
  An alligator snapping turtle zombie (Tomb:2)
  4 unseen horrors
  A water nymph (Zig:8)
  4 centaur skeletons
  20 orange demons
  56 smoke demons
  15 cane toads
  5 titan simulacra
  A purple draconian zombie (Crypt:1)
  A dire elephant skeleton (Crypt:1)
  17 hellions
  A rime drake (Lair:5)
  14 spectral swamp worms (Tar:7)
  Maggie (D:8)
  4 kobold demonologists
  7 efreet
  20 tormentors
  4 ice devils
  60 yaktaurs
  A tengu conjurer (D:15)
  A sea snake zombie (Hell)
  11 komodo dragons
  A spectral naga (Tar:2)
  7 red devils
  2 iron giant simulacra
  7 freezing wraiths
  4 anaconda simulacra
  3 spectral harpies
  A bunyip simulacrum (Abyss:3)
  62 guardian mummies
  41 hellwings
  A harpy zombie (Crypt:1)
  14 ancient zymes
  A silent spectre (Abyss:3)
  8 hornets
  3 hydra zombies
  2 merfolk
  A merfolk (shapeshifter) (Depths:4)
  23 trolls
  19 wind drakes
  12 tyrant leeches
  11 glass eyes
  An alligator simulacrum (Hell)
  2 tarantellas (shapeshifter)
  3 tarantellas
  A death drake skeleton (Crypt:1)
  A wind drake (shapeshifter) (D:13)
  3 snapping turtles
  26 raiju
  27 blink frogs
  A hydra skeleton (Hell)
  3 polar bears
  91 saltlings (Desolation)
  A frost giant simulacrum (Depths:1)
  7 stone giant simulacra
  4 harpy skeletons
  An iron dragon simulacrum (Coc:6)
  10 water elementals
  74 slime creatures
  7 spriggans
  4 dire elephant simulacra
  6 jumping spiders
  7 air elementals
  2 culicivoras
  Sigmund (D:2)
  19 ushabtiu
  3 wyverns
  28 ynoxinuls
  7 fire elementals
  16 humans (D:13)
  3 fire bats (Abyss:3)
  81 yaks
  A tyrant leech zombie (Crypt:1)
  16 wraiths
  23 golden eyes
  29 neqoxecs
  9 redbacks
  2 steam dragons
  21 wargs
  6 spatial vortices (Abyss:3)
  A basilisk (D:14)
  2 redbacks (shapeshifter) (Vaults:5)
  21 chaos spawn
  12 vampire mosquitoes
  20 harpy simulacra
  A swamp worm (shapeshifter) (Vaults:2)
  44 nagas
  2 naga zombies
  13 swamp worms
  13 water moccasins
  4 hydra simulacra
  2 glowing shapeshifter skeletons (Zig:23)
  10 hell hounds
  3 acid dragons
  A merfolk skeleton (Crypt:1)
  A naga skeleton (Crypt:2)
  58 orc warriors
  A sky beast (D:7)
  A demonspawn skeleton (Crypt:2)
  4 black bears
  11 swamp drakes
  7 ettin simulacra
  58 laughing skulls
  12 centaurs
  27 wolves
  51 ogres
  2 lemures
  A phantom (D:4)
  5 kobold brigands
  5 weeping skulls (Coc:2)
  20 bullfrogs
  A gnoll sergeant (D:9)
  2 scorpions (D:5)
  2 earth elementals
  A glowing shapeshifter simulacrum (Zig:23)
  15 small abominations
  A water moccasin zombie (Crypt:2)
  5 naga simulacra
  A wight (Abyss:3)
  20 killer bees (D:9)
  A bombardier beetle (D:3)
  An electric eel (Elf:1)
  4 howler monkeys
  A crimson imp (Abyss:3)
  A lava snake (Lair:5)
  A basilisk zombie (Crypt:1)
  15 jellies
  4 quasits
  28 orc priests
  2 gnoll boudas (D:7)
  5 hounds
  4 iguanas
  3 iron imps (Abyss:3)
  31 orc wizards
  7 hell rats (Hell)
  A tengu zombie (Crypt:2)
  69 mummies
  11 gnolls
  5 adders
  A shadow imp (D:6)
  12 white imps
  3 ufetubi
  6 dart slugs
  4 ribbon worms
  78 orcs
  5 endoplasms
  5 giant cockroaches
  A gnoll zombie (Crypt:2)
  6 goblins
  4 hobgoblins
  2 quokkas
  6 ball pythons
  2 bats
  3 frilled lizards
  A jackal skeleton (Crypt:2)
  12 kobolds
  2 orc skeletons
  2 rats
  2 aspiring fleshes
  A ball lightning (Pan)
  2 butterflies
  5 creeping infernos
  10 fire vortices
  A lurking horror (Abyss:3)
  3 spectral weapons
  25 starspawn tentacles
  5 tentacles (Tar:7)
5667 creatures vanquished.

Vanquished Creatures (collateral kills)
  A hydra (D:14)
  A naga sharpshooter (Snake:4)
  Grinder (D:4)
  2 orcs (D:4)
5 creatures vanquished.

Vanquished Creatures (others)
  3 shard shrikes
  A lich (Zig:16)
  A titan (Pan)
  2 Executioners (Pan)
  2 eldritch tentacles
  2 storm dragons
  An azure jelly (Coc:6)
  2 draconian knights
  2 shard shrike simulacra (Coc:6)
  A demonspawn blood saint (Pan)
  2 draconian annihilators
  A demonspawn corrupter (Pan)
  2 elemental wellsprings (Coc:6)
  A spark wasp (Zig:20)
  2 wendigos
  A blizzard demon (Pan)
  3 green deaths (Pan)
  4 juggernaut simulacra
  2 rakshasas (Pan)
  A merfolk aquamancer (Pan)
  A stoker (Geh:4)
  A deep troll earth mage (D:15)
  A thrashing horror (Abyss:3)
  A sun demon (Pan)
  A sixfirhy (Pan)
  A swamp dragon (Swamp:4)
  2 quicksilver dragon simulacra
  5 spriggan simulacra
  A deep elf zephyrmancer (Elf:2)
  A moth of wrath (Zot:3)
  A black mamba (Zig:19)
  A molten gargoyle (Desolation)
  5 smoke demons (Pan)
  3 titan simulacra
  An iron giant simulacrum (Coc:4)
  2 freezing wraiths (Coc:6)
  3 hellwings (Pan)
  2 tyrant leeches
  2 bloated husks
  A stone giant simulacrum (Coc:4)
  4 naga simulacra
  7 dire elephant simulacra
  A neqoxec (Pan)
  A warg (Elf:2)
  2 chaos spawn (Pan)
  2 harpy simulacra
  A naga (Zig:19)
  A swamp worm (Swamp:4)
  An orc warrior (Elf:2)
  A small abomination (Abyss:3)
  An ettin simulacrum (Coc:1)
  An ogre (Elf:2)
  A starcursed mass (Zig:14)
  An orc wizard (D:12)
  3 orcs (Elf:2)
  7 ball lightnings (Pan)
  2 creeping infernos
  41 foxfires
  40 starspawn tentacles
  15 tentacles (Tar:7)
205 creatures vanquished.

Grand Total: 5877 creatures vanquished

Notes
Turn   | Place    | Note
-------+----------+-------------------------------------------
     0 | D:1      | Dirtsage the Demonspawn Hunter began the quest for the Orb.
     0 | D:1      | Reached XP level 1. HP: 16/16 MP: 1/1
   419 | D:1      | Gained mutation: You regenerate a little health from kills.
                  | [demonic ancestry]
   419 | D:1      | Reached XP level 2. HP: 21/22 MP: 2/2
   920 | D:2      | Found a faded altar of an unknown god.
  1202 | D:2      | Noticed Sigmund
  1216 | D:2      | Killed Sigmund
  1217 | D:2      | Gained mutation: You regenerate magic rapidly. [demonic
                  | ancestry]
  1217 | D:2      | Reached XP level 3. HP: 11/27 MP: 3/3
  1217 | D:2      | Gained mutation: You have sharp fingernails. [demonic
                  | ancestry]
  1217 | D:2      | Reached XP level 4. HP: 14/33 MP: 4/4
  1217 | D:2      | Gained mutation: When seriously injured, your blood forms
                  | armour. (AC +0) [demonic ancestry]
  1217 | D:2      | Reached XP level 5. HP: 16/38 MP: 5/5
  1861 | D:3      | Reached skill level 1 in Unarmed Combat
  2763 | D:3      | Found a shimmering altar of Xom.
  2950 | D:3      | Gained mutation: You regenerate health from kills. [demonic
                  | ancestry]
  2950 | D:3      | Reached XP level 6. HP: 42/44 MP: 6/6
  3612 | D:4      | Noticed Grinder
  3619 | D:4      | Paralysed by Grinder for 2 turns
  3629 | D:4      | Paralysed by Grinder for 5 turns
  3676 | D:4      | Found a staircase to the Ecumenical Temple.
  3689 | Temple   | Entered the Ecumenical Temple
  3707 | Temple   | Became a worshipper of the Wu Jian Council
  4038 | D:4      | Paralysed by Grinder for 2 turns
  4055 | D:4      | Paralysed by Grinder for 3 turns
  4241 | D:4      | Gained mutation: When hurt, damage is shared between your
                  | health and your magic reserves. [demonic ancestry]
  4241 | D:4      | Reached XP level 7. HP: 10/50 MP: 2/7
  4262 | D:4      | Reached skill level 5 in Unarmed Combat
  4400 | D:4      | Identified the +0 robe of Moneh {rPois rC- Will- Int+4}
  4539 | D:4      | Paralysed by Grinder for 3 turns
  4548 | D:4      | HP: 2/50 [Grinder/nerve-wracking pain (8)]
  4550 | D:4      | Killed Grinder
  4738 | D:5      | Entered Level 5 of the Dungeon
  4970 | D:5      | Gained mutation: You have very sharp fingernails. [demonic
                  | ancestry]
  4970 | D:5      | Reached XP level 8. HP: 55/56 MP: 8/8
  5007 | D:5      | Reached * piety under Wu Jian
  5962 | D:5      | Found a radiant altar of Vehumet.
  6097 | D:5      | Gained mutation: You have claws for hands. [demonic
                  | ancestry]
  6097 | D:5      | Reached XP level 9. HP: 56/61 MP: 9/9
  6105 | D:5      | Found a hazy altar of Hepliaklqana.
  6224 | D:6      | Reached ** piety under Wu Jian
  6248 | D:6      | Found a shadowy altar of Dithmenos.
  6350 | D:6      | Reached skill level 10 in Unarmed Combat
  8314 | D:7      | Reached skill level 1 in Armour
  8520 | D:8      | Noticed Pikel
  8535 | D:7      | Killed Pikel
  8535 | D:7      | Reached *** piety under Wu Jian
  8536 | D:7      | Reached XP level 10. HP: 57/70 MP: 7/10
  8569 | D:8      | Noticed Maggie
  8583 | D:8      | Killed Maggie
  8632 | D:8      | Found a blossoming altar of Fedhas.
  8651 | D:8      | Identified the ring "Zyuc" {Will+ AC+4 Dex+3}
  8997 | D:8      | Reached skill level 5 in Fighting
  9019 | D:8      | Noticed Erica
  9026 | D:8      | Killed Erica
  9083 | D:8      | Found a runed translucent gate.
  9084 | D:8      | Found a runed translucent gate.
  9086 | D:8      | Found a runed translucent gate.
  9087 | D:8      | Noticed Filo's ghost (novice MiBe)
  9088 | D:8      | Noticed bottledwater03's ghost (novice CoBe)
  9611 | D:9      | Found Notsito's Antique Weapon Boutique.
  9685 | D:9      | Reached **** piety under Wu Jian
  9779 | D:9      | Gained mutation: When low on magic, you restore magic in
                  | place of health. [demonic ancestry]
  9779 | D:9      | Reached XP level 11. HP: 45/83 MP: 11/11
  9825 | D:9      | Found Hew Myupt's Antique Weapon Shoppe.
  9933 | D:9      | Found Neloocash's Weapon Shop.
  9967 | D:9      | Found Mymisy's Jewellery Emporium.
  9975 | D:9      | Bought an amulet of faith for 440 gold pieces
 10139 | D:9      | Found Guruno's Magic Scroll Shop.
 10145 | D:9      | Bought a scroll of teleportation for 39 gold pieces
 10145 | D:9      | Bought a scroll of blinking for 97 gold pieces
 10293 | D:9      | Found an opulent altar of Gozag.
 10434 | D:10     | Entered Level 10 of the Dungeon
 10583 | D:10     | Found Qifoy's Armour Shoppe.
 10703 | D:10     | Found a staircase to the Orcish Mines.
 10734 | D:10     | Found a shimmering blue altar of Sif Muna.
 10741 | D:10     | Found a staircase to the Lair.
 10759 | D:10     | Found Ykucufao's Vocational Training.
 10776 | D:10     | Noticed Erolcha
 10789 | D:10     | Killed Erolcha
 10790 | D:10     | Reached skill level 5 in Dodging
 10985 | D:10     | Found a hide-covered altar of Uskayaw.
 10990 | D:10     | Found a bloodstained altar of Trog.
 11304 | D:11     | Reached ***** piety under Wu Jian
 12305 | Lair:1   | Entered Level 1 of the Lair of Beasts
 12446 | Lair:1   | Reached skill level 5 in Armour
 12769 | Lair:1   | Gained mutation: When seriously injured, your blood forms
                  | thick armour. (AC +0) [demonic ancestry]
 12769 | Lair:1   | Reached XP level 12. HP: 83/95 MP: 9/12
 12819 | Lair:1   | Reached skill level 1 in Shields
 12893 | Lair:1   | Reached skill level 1 in Shapeshifting
 13033 | D:9      | Bought a scroll of revelation for 97 gold pieces
 13033 | D:9      | Bought a scroll of identify for 26 gold pieces
 13033 | D:9      | Bought a scroll of identify for 26 gold pieces
 14133 | Lair:2   | Identified the +6 rapier of the Ancients {flame, rElec rF-
                  | rN+ Int+2}
 14218 | Lair:2   | Reached skill level 10 in Fighting
 14625 | Lair:2   | Found a staircase to the Snake Pit.
 14711 | Lair:2   | Found a staircase to the Swamp.
 14916 | Lair:3   | Noticed a four-headed hydra
 14931 | Lair:3   | Noticed a catoblepas
 15171 | Lair:3   | Gained mutation: When seriously injured, your blood forms
                  | very thick armour. (AC +0) [demonic ancestry]
 15171 | Lair:3   | Reached XP level 13. HP: 99/105 MP: 13/13
 15528 | Lair:3   | Reached skill level 15 in Unarmed Combat
 16125 | Lair:4   | Reached ****** piety under Wu Jian
 16751 | Lair:5   | Entered Level 5 of the Lair of Beasts
 16803 | Lair:5   | Found a runed translucent gate.
 16803 | Lair:5   | Found a runed translucent gate.
 16803 | Lair:5   | Found a runed translucent gate.
 16810 | Lair:5   | Reached skill level 5 in Shields
 16813 | Lair:5   | Noticed jt's ghost (journeyman CoMo)
 16830 | Lair:5   | Gained mutation: You are robust. (+10% HP) [demonic
                  | ancestry]
 16830 | Lair:5   | Reached XP level 14. HP: 103/127 MP: 14/14
 16838 | Lair:5   | Killed jt's ghost
 16874 | Lair:5   | Reached skill level 5 in Shapeshifting
 17056 | Lair:5   | Identified the +2 great sword of Crystal {flame, rElec rC+
                  | Int+2 Stlth-}
 17068 | Lair:5   | Identified the staff "Jaofukui" {rElec rN+ rCorr Int-4 SInv
                  | Necro}
 17255 | Lair:5   | Found a staircase to the Slime Pits.
 18063 | Orc:1    | Entered Level 1 of the Orcish Mines
 18111 | Orc:1    | Noticed Josephine
 18122 | Orc:1    | Killed Josephine
 18132 | Orc:1    | Noticed Snorg
 18148 | Orc:1    | Killed Snorg
 18547 | Orc:1    | Found a runed translucent door.
 18553 | Orc:1    | You fall into a shaft and drop 1 floor!
 18553 | Orc:2    | Entered Level 2 of the Orcish Mines
 18583 | Orc:2    | Reached XP level 15. HP: 136/136 MP: 15/15
 18604 | Orc:2    | Found a staircase to the Elven Halls.
 18818 | Orc:2    | Found Terog's Book Emporium.
 18819 | Orc:2    | Found Racraman's Magic Scroll Shoppe.
 18824 | Orc:2    | Found Jaliopayho's Book Boutique.
 18831 | Orc:2    | Bought a scroll of identify for 24 gold pieces
 18831 | Orc:2    | Bought a scroll of identify for 24 gold pieces
 18833 | Orc:2    | Found Curghuw's Antique Weapon Emporium.
 19527 | Orc:1    | Noticed Konar's ghost (journeyman CoHu)
 19780 | Orc:1    | Killed Konar's ghost
 20058 | D:12     | Noticed Azrael
 20076 | D:12     | Killed Azrael
 21530 | D:13     | Noticed Nessos
 21530 | D:13     | Found a gate to the Vaults.
 21583 | D:13     | Killed Nessos
 22806 | D:14     | Reached skill level 1 in Air Magic
 22832 | D:14     | Found Wonomosk's General Store.
 22902 | D:14     | Reached skill level 1 in Translocations
 22960 | D:14     | Reached XP level 16. HP: 122/147 MP: 16/16
 23476 | D:15     | Entered Level 15 of the Dungeon
 23476 | D:15     | Found a runed translucent door.
 23483 | D:15     | Identified the staff "Xeityfosatecw" {rElec rC- Will+ Dex+4
                  | Air}
 23971 | D:15     | Reached skill level 10 in Dodging
 24018 | D:15     | Found a portal to a secret trove of treasure.
 24100 | D:15     | Reached skill level 10 in Armour
 24296 | D:15     | Found a staircase to the Depths.
 24344 | D:15     | Found a runed translucent gate.
 24344 | D:15     | Found a runed translucent gate.
 24344 | D:15     | Found a runed translucent gate.
 24346 | D:15     | Noticed Ebahuax's ghost (journeyman HOFi)
 24665 | D:10     | Bought the +1 cloak of Vyqouter {+Inv rN+} for 360 gold
                  | pieces
 24741 | Swamp:1  | Entered Level 1 of the Swamp
 24846 | Orc:2    | Bought a book of Lightning for 468 gold pieces
 24851 | Orc:2    | Learned a level 4 spell: Vhi's Electric Charge
 25829 | Swamp:1  | Noticed a thorn hunter
 25841 | Swamp:1  | Killed a thorn hunter
 26238 | Swamp:2  | Reached skill level 5 in Translocations
 26238 | Swamp:2  | Reached skill level 5 in Air Magic
 26317 | Swamp:3  | Noticed a thorn hunter
 26319 | Swamp:3  | Killed a thorn hunter
 26357 | Swamp:4  | Entered Level 4 of the Swamp
 26421 | Swamp:4  | HP: 7/147 [bog body/bolt of cold (27)]
 26773 | Swamp:3  | Gained mutation: You are very robust. (+20% HP) [demonic
                  | ancestry]
 26773 | Swamp:3  | Reached XP level 17. HP: 118/168 MP: 13/17
 28032 | Swamp:4  | Noticed the 27-headed Lernaean hydra
 28041 | Swamp:4  | Killed the 26-headed Lernaean hydra
 28167 | Swamp:4  | Got a decaying rune of Zot
 29006 | Swamp:2  | Noticed Roxanne
 29021 | Swamp:2  | Killed Roxanne
 29022 | Swamp:2  | Reached skill level 1 in Spellcasting
 29186 | Snake:1  | Entered Level 1 of the Snake Pit
 30417 | Snake:2  | Identified the +6 falchion of Fedhas, Writhing {freeze, rN+
                  | Stlth+}
 31007 | Snake:2  | Reached skill level 10 in Shapeshifting
 31293 | Snake:2  | Got the Elucidation of Conjuration and the Sarcophagus
 31661 | Snake:4  | Entered Level 4 of the Snake Pit
 31670 | Snake:4  | Reached XP level 18. HP: 176/176 MP: 19/19
 31836 | Snake:4  | Found an iron altar of Okawaru.
 31849 | Snake:4  | Got a serpentine rune of Zot
 32433 | Snake:4  | Found Toptif's Assorted Antiques.
 32437 | Snake:4  | Bought a runed golden ring for 175 gold pieces
 32437 | Snake:4  | Bought a scroll of teleportation for 105 gold pieces
 32464 | Snake:4  | Identified the +0 cloak of the Saviour {rPois rF- Will++
                  | Str-4}
 33431 | Snake:3  | Identified the serpent talisman of Decaying Awe {Str+3
                  | Int+3}
 33431 | Snake:3  | Noticed Aizul
 33441 | Snake:3  | Killed Aizul
 33586 | Snake:3  | Noticed Mara
 33587 | Snake:3  | Noticed Dirtsage's illusion
 33600 | Snake:3  | Killed Mara
 34288 | D:9      | Bought a ring of see invisible for 165 gold pieces
 34368 | Vaults:1 | Entered Level 1 of the Vaults
 34486 | Vaults:1 | Reached XP level 19. HP: 40/183 MP: 8/20
 34695 | Vaults:1 | Found Fuqerefi's Antique Weapon Shoppe.
 34747 | Vaults:1 | Found a crumbling gateway.
 34755 | Desolati | Entered the Desolation of Salt
 34790 | Desolati | Found the +2 pair of slick slippers {slick, slippery, EV+4}
 34812 | Desolati | Got the Cyclopedia of the Rebis and Flame
 34911 | Desolati | Reached skill level 15 in Fighting
 35065 | Desolati | Reached skill level 10 in Shields
 35111 | Desolati | Found the +10 tower shield of Ignorance {rN+ Int-4}
 35168 | Desolati | Identified the +1 war axe of Diet Blood {spect, rF++ rC-
                  | Int+2 SInv}
 35255 | Desolati | Identified the +4 flail of Dawn {spect, rF+ Int+4 Dex+2}
 35499 | Desolati | Got the Directory of the Valley and the Great Work
 35516 | Desolati | Got the Compendium of Impulse
 35551 | Desolati | Identified the +1 ring mail of Demons {rPois rCorr Str-5
                  | SInv}
 35554 | Desolati | Identified the ring "Huni" {rPois MP+9 Dex+2}
 35565 | Desolati | Identified the ring of the Modern Curses {Wiz Str+4}
 36308 | Vaults:1 | Noticed Asterion
 36315 | Vaults:1 | Killed Asterion
 36317 | Vaults:1 | Reached XP level 20. HP: 138/195 MP: 18/21
 36930 | Vaults:2 | Reached skill level 15 in Shapeshifting
 38552 | Vaults:2 | Found a staircase to the Crypt.
 38973 | Vaults:3 | Identified the amulet "Jepn" {Reflect Int+5 SH+5}
 38973 | Vaults:3 | Identified the +12 short sword of the Cursing Gods {freeze,
                  | Int+3}
 38981 | Vaults:3 | Identified the ring of Azxemamm {rC+ rCorr Str+2 Int+6}
 38986 | Vaults:3 | Identified the +1 robe "Teisot" {rF+}
 39442 | Vaults:3 | Found Jep Dequ's Magic Scroll Boutique.
 39447 | Vaults:3 | Bought a scroll of identify for 30 gold pieces
 39447 | Vaults:3 | Bought a scroll of teleportation for 45 gold pieces
 39447 | Vaults:3 | Bought a scroll of identify for 30 gold pieces
 39447 | Vaults:3 | Bought a scroll of blinking for 112 gold pieces
 39447 | Vaults:3 | Bought a scroll of revelation for 112 gold pieces
 39714 | Vaults:3 | Reached XP level 21. HP: 205/205 MP: 20/22
 40235 | Vaults:4 | Identified the +7 scale mail of Dithmenos's Scorn {^Drain
                  | +Inv Str-2 Dex+5}
 41158 | Vaults:5 | Entered Level 5 of the Vaults
 41162 | Vaults:5 | Noticed a golden dragon
 41166 | Vaults:5 | Killed a golden dragon
 41167 | Vaults:5 | Reached skill level 10 in Translocations
 41167 | Vaults:5 | Reached skill level 10 in Air Magic
 41171 | Vaults:5 | Noticed a dread lich
 41226 | Vaults:5 | Killed a dread lich
 41239 | Vaults:5 | Noticed a dread lich
 41242 | Vaults:5 | Killed a dread lich
 41289 | Vaults:5 | Gained mutation: You are extremely robust. (+30% HP)
                  | [demonic ancestry]
 41289 | Vaults:5 | Reached XP level 22. HP: 234/234 MP: 23/23
 41432 | Vaults:5 | Identified the ring of Odweigi {*Slow rF- Str+3 Int+6
                  | Dex+5}
 41458 | Vaults:5 | Found the +6 arbalest "Damnation" {damnation}
 41473 | Vaults:5 | Got a silver rune of Zot
 41561 | Vaults:5 | Identified a scroll of acquirement
 41562 | Vaults:5 | Acquired a manual of Dodging
 41746 | Vaults:5 | Identified the +12 plate armour of Kindness {Str+3}
 41749 | Vaults:5 | Identified the +8 morningstar "Cikajeis" {drain, rF- Str+7}
 41963 | Vaults:5 | Acquired 716 gold pieces
 42458 | D:15     | You paid a toll of +2 gold dragon scales to enter a
                  | treasure trove
 42459 | Trove    | Entered a treasure trove
 42464 | Trove    | Found the +8 frozen axe "Frostbite" {freeze, freezing
                  | cloud, *Noise Fly rC+}
 42467 | Trove    | Identified the amulet "Qeduepa" {Reflect Dex+5 SH+5 SInv}
 42469 | Trove    | Identified the +5 hand cannon of the Hawk {flame, rN+
                  | Will++ rCorr Int-3}
 42481 | Trove    | Identified the +8 scale mail "Laresm" {Str+2 Stlth+}
 42483 | Trove    | Identified the +0 scale mail of Action {Regen+ rCorr}
 42641 | D:15     | Identified the +7 broad axe "Pylet" {drain, rElec Will++
                  | SInv Stlth-}
 42643 | D:15     | Got the Volume of Austromancy
 42645 | D:15     | Identified the +1 leather armour of Perfidy {Will- Regen+
                  | Int+4}
 42701 | D:15     | Killed Ebahuax's ghost
 43177 | D:8      | Killed Filo's ghost
 43180 | D:8      | Killed bottledwater03's ghost
 43378 | Elf:1    | Entered Level 1 of the Elven Halls
 43381 | Elf:1    | Noticed Zenata
 43401 | Elf:1    | Killed Zenata
 43713 | Elf:1    | Found Baasoar's Specific Store.
 43720 | Elf:1    | Noticed Jorgrun
 43724 | Elf:1    | Killed Jorgrun
 43725 | Elf:1    | Found Otsauf's General Store.
 43740 | Elf:1    | Bought a scroll of teleportation for 57 gold pieces
 43740 | Elf:1    | Bought 3 scrolls of enchant armour for 427 gold pieces
 44055 | Elf:1    | Found an ancient bone altar of Kikubaaqudgha.
 44292 | Elf:2    | Noticed Saint Roka
 44322 | Elf:2    | Killed Saint Roka
 44441 | Elf:2    | Found a runed translucent gate.
 44441 | Elf:2    | Found a runed translucent gate.
 44441 | Elf:2    | Found a runed translucent gate.
 44532 | Elf:2    | Paralysed by an air elemental for 1 turns
 44535 | Elf:2    | Paralysed by an air elemental for 1 turns
 44616 | Elf:2    | Noticed Agnes
 44621 | Elf:2    | Reached skill level 15 in Shields
 44628 | Elf:2    | Killed Agnes
 44629 | Elf:2    | Reached XP level 23. HP: 244/244 MP: 24/24
 44999 | Elf:3    | Entered Level 3 of the Elven Halls
 45337 | Elf:3    | Identified the +2 trident "Muts" {freeze, ^Drain ^Fragile
                  | Fly rF++}
 45435 | Elf:3    | Identified the +1 falchion of the Realm of Zot {freeze,
                  | *Corrode Str+4 Int+3}
 45437 | Elf:3    | Identified the amulet "Maeplot" {Reflect +Inv Will+++ SH+5}
 45549 | Elf:3    | Identified the +3 mace "Getis" {flame, Int+2 Dex+2}
 45620 | Elf:3    | Got the Incunabulum of Space
 45639 | Elf:3    | Found the sphere of Battle
 45649 | Elf:3    | Identified the +5 morningstar of Fear {antimagic, *Noise
                  | rElec rN+++ Will-}
 46522 | Depths:1 | Entered Level 1 of the Depths
 46554 | Depths:1 | Found a one-way gate to the infinite horrors of the Abyss.
 46677 | Depths:1 | Found an ornate altar of the Wu Jian Council.
 46742 | Depths:1 | Acquired 589 gold pieces
 46878 | Depths:1 | Noticed Bai Suzhen
 46891 | Depths:1 | Killed Bai Suzhen
 46923 | Depths:1 | Found a gateway to Hell.
 47318 | Depths:2 | Noticed a juggernaut
 47323 | Depths:2 | Killed a juggernaut
 47377 | Depths:2 | You fall into a shaft and drop 2 floors!
 47377 | Depths:4 | Entered Level 4 of the Depths
 47378 | Depths:4 | Found a gate to the Realm of Zot.
 47450 | Depths:4 | Got a midnight gem with 1635 turns to spare
 47490 | Depths:4 | Noticed a dread lich
 47491 | Depths:4 | Found a one-way gateway to a ziggurat.
 47523 | Depths:4 | Found a flickering gateway to a bazaar.
 47528 | Depths:4 | Reached XP level 24. HP: 256/256 MP: 17/28
 47541 | Bazaar   | Entered a bazaar
 47541 | Bazaar   | Found Puxohial's Antique Weapon Shoppe.
 47541 | Bazaar   | Found Laubeypo's Assorted Antiques.
 47543 | Bazaar   | Found Hycaukhlo's Antique Weapon Shoppe.
 47559 | Bazaar   | Found Hinen's Magic Scroll Emporium.
 47567 | Bazaar   | Bought a scroll of teleportation for 24 gold pieces
 47567 | Bazaar   | Bought a scroll of blinking for 60 gold pieces
 47567 | Bazaar   | Bought a scroll of fog for 32 gold pieces
 47567 | Bazaar   | Bought a scroll of fog for 32 gold pieces
 47615 | Depths:4 | Noticed a juggernaut
 47629 | Depths:4 | Killed a juggernaut
 48001 | Depths:4 | Killed a dread lich
 48164 | Depths:3 | Identified the +1 robe "Saqun" {rPois Regen+ Int+2 Stlth+}
 48171 | Depths:3 | Noticed Parghit
 48185 | Depths:3 | Killed Parghit
 48201 | Depths:3 | Upgraded the game from 0.32-a0-665-g3d30ec2550 to
                  | 0.32-a0-673-g3729bd50f8
 48214 | Depths:3 | Noticed Mennas
 48991 | Depths:2 | Found a one-way gate leading to the halls of Pandemonium.
 49088 | Depths:2 | Reached skill level 5 in Spellcasting
 49281 | Depths:3 | Killed Mennas
 50108 | Depths:3 | Identified the +5 trident "Jellyslayer" {elec, rElec rPois
                  | Int-5 SInv}
 50579 | Slime:1  | Entered Level 1 of the Pits of Slime
 50744 | Slime:2  | Found a viscous altar of Jiyva.
 50770 | Slime:2  | Gained mutation: You occasionally shout uncontrollably at
                  | your foes. [a shining eye]
 50772 | Slime:2  | Gained mutation: You are clumsy. (Dex -2) [a shining eye]
 50773 | Slime:2  | Gained mutation: You are very clumsy. (Dex -4) [a shining
                  | eye]
 50775 | Slime:2  | Gained mutation: You are occasionally teleported next to
                  | monsters. [a shining eye]
 50777 | Slime:2  | Lost mutation: You are very clumsy. (Dex -4) [potion of
                  | mutation]
 50777 | Slime:2  | Lost mutation: You are clumsy. (Dex -2) [potion of
                  | mutation]
 50777 | Slime:2  | Gained mutation: Your system is resistant to poisons.
                  | (rPois) [potion of mutation]
 50777 | Slime:2  | Gained mutation: You are resistant to electric shocks.
                  | (rElec) [potion of mutation]
 50777 | Slime:2  | Gained mutation: You have a pair of small horns on your
                  | head. [potion of mutation]
 50777 | Slime:2  | Gained mutation: You are covered in fur. (AC +1) [potion of
                  | mutation]
 50967 | Slime:5  | Entered Level 5 of the Pits of Slime
 51066 | Slime:5  | Noticed the Royal Jelly
 51097 | Slime:5  | Killed the Royal Jelly
 51207 | Slime:5  | Gained mutation: You sometimes lose your temper in combat.
                  | [a shining eye]
 51208 | Slime:5  | Gained mutation: Potions are less effective at restoring
                  | your health. [a shining eye]
 51209 | Slime:5  | Gained mutation: Your body sometimes deteriorates upon
                  | taking damage. [a shining eye]
 51213 | Slime:5  | Reached XP level 25. HP: 233/267 MP: 31/32
 51316 | Slime:5  | Gained mutation: You are clumsy. (Dex -2) [a shining eye]
 51317 | Slime:5  | Gained mutation: Your body often deteriorates upon taking
                  | damage. [a shining eye]
 51568 | Slime:5  | Identified the serpent talisman "Kaeppuy" {rElec Str-5
                  | Dex+2}
 51591 | Slime:5  | Identified the ring of Nigy {Ice rElec Will- Str-3 Stlth+}
 51595 | Slime:5  | Got a slimy rune of Zot
 51668 | Slime:5  | Identified the +0 ring mail of Repulsion {rF+ rC- Will+}
 51671 | Slime:5  | Identified the +2 chain mail of Ybiann {Slay+3}
 51762 | Slime:5  | Lost mutation: Your body often deteriorates upon taking
                  | damage. [potion of mutation]
 51762 | Slime:5  | Lost mutation: You have a pair of small horns on your head.
                  | [potion of mutation]
 51762 | Slime:5  | Lost mutation: You are covered in fur. (AC +1) [potion of
                  | mutation]
 51762 | Slime:5  | Gained mutation: Your spells are a little harder to cast,
                  | but a little more powerful. [potion of mutation]
 51762 | Slime:5  | Gained mutation: Your skin changes colour to match your
                  | surroundings (Stealth+). [potion of mutation]
 51762 | Slime:5  | Gained mutation: Your mind is acute. (Int +4, Str/Dex -1)
                  | [potion of mutation]
 51763 | Slime:5  | Lost mutation: You are clumsy. (Dex -2) [potion of
                  | mutation]
 51763 | Slime:5  | Lost mutation: You are occasionally teleported next to
                  | monsters. [potion of mutation]
 51763 | Slime:5  | Lost mutation: Your mind is acute. (Int +4, Str/Dex -1)
                  | [potion of mutation]
 51763 | Slime:5  | Gained mutation: You have supernaturally acute eyesight.
                  | (SInv) [potion of mutation]
 51763 | Slime:5  | Lost mutation: You sometimes lose your temper in combat.
                  | [potion of mutation]
 51763 | Slime:5  | Gained mutation: You have a pair of small antennae on your
                  | head. [potion of mutation]
 51763 | Slime:5  | Gained mutation: You have a pair of antennae on your head.
                  | [potion of mutation]
 52092 | Depths:1 | Voluntarily entered the Abyss.
 52207 | Abyss:3  | Found a corrupted altar of Lugonu.
 52226 | Abyss:3  | Found a corrupted altar of Lugonu.
 52230 | Abyss:3  | Found a corrupted altar of Lugonu.
 52252 | Abyss:3  | Found a corrupted altar of Lugonu.
 52252 | Abyss:3  | Found a corrupted altar of Lugonu.
 52252 | Abyss:3  | Found a corrupted altar of Lugonu.
 52252 | Abyss:3  | Found a corrupted altar of Lugonu.
 52256 | Abyss:3  | Found a corrupted altar of Lugonu.
 52605 | Abyss:3  | Found a corrupted altar of Lugonu.
 52728 | Abyss:3  | Found a corrupted altar of Lugonu.
 52952 | Abyss:3  | Found an opulent altar of Gozag.
 53215 | Abyss:3  | Found an opulent altar of Gozag.
 53598 | Abyss:3  | Found a corrupted altar of Lugonu.
 53621 | Abyss:3  | Got an abyssal rune of Zot
 53657 | Depths:1 | Escaped the Abyss
 54081 | Crypt:1  | Entered Level 1 of the Crypt
 54184 | Crypt:1  | Found a magical portal.
 54190 | WizLab   | Entered Lehudib's Moon Base
 54496 | WizLab   | Found a transporter.
 54609 | WizLab   | Identified the ring "Onoirid" {rPois Dex+3}
 54692 | WizLab   | Found a transporter.
 54798 | WizLab   | Gained mutation: You are weak. (Str -2) [a cacodemon]
 55081 | WizLab   | Reached skill level 15 in Dodging
 55086 | WizLab   | Gained mutation: You regenerate a lot of health from kills.
                  | [demonic ancestry]
 55086 | WizLab   | Reached XP level 26. HP: 280/280 MP: 35/35
 55142 | WizLab   | Identified the +0 dire flail "Ubafat Beog" {antimagic, Fly
                  | Will- rCorr Int+2}
 55143 | WizLab   | Identified the +1 cloak "Zyxegg" {rC+ Str+3 Int+3 Dex+3}
 55158 | WizLab   | Identified the ring "Coum" {Dex+4 SInv Stlth+}
 55476 | Crypt:1  | Identified the +0 shortbow of the Sneaky Knives {freeze,
                  | Will+ Str+2 Stlth+}
 55612 | Crypt:1  | Identified the +1 robe "Tich" {rC- Will+ Regen+ Slay+2}
 57099 | Crypt:3  | Entered Level 3 of the Crypt
 57222 | Crypt:3  | Found a staircase to the Tomb.
 57439 | Crypt:3  | Noticed an ancient lich
 57443 | Crypt:3  | Found an ancient bone altar of Kikubaaqudgha.
 57443 | Crypt:3  | Killed an ancient lich
 57483 | Crypt:3  | Identified the +2 leather armour "Wusug" {rF+ Dex+3}
 57484 | Crypt:3  | Identified the amulet "Erhasi" {Reflect -Tele rElec rF++
                  | Dex+3 SH+5}
 57485 | Crypt:3  | Identified the +4 double sword of Integrity {pain, Fly rF++
                  | rC- SInv}
 57659 | Crypt:3  | Found the +8 demon trident "Rift" {distort, reach+}
 58266 | Zig:1    | Entered Level 1 of a ziggurat
 58279 | Zig:2    | Entered Level 2 of a ziggurat
 58296 | Zig:3    | Entered Level 3 of a ziggurat
 58306 | Zig:3    | Paralysed by a fenstrider witch for 5 turns
 58425 | Zig:4    | Entered Level 4 of a ziggurat
 58443 | Zig:4    | Identified the ring "Lareha" {Fly rF+ Str+3 Stlth+}
 58451 | Zig:5    | Entered Level 5 of a ziggurat
 58469 | Zig:5    | Identified the +2 great mace of the Hills {pain, rF- Str+6}
 58470 | Zig:5    | Identified the +2 quarterstaff of the Wraith {protect,
                  | Will++}
 58471 | Zig:5    | Identified the +4 war axe of Gilen {venom, rPois rF- rC++
                  | Int-5}
 58476 | Zig:6    | Entered Level 6 of a ziggurat
 58481 | Zig:6    | Noticed an ancient lich
 58487 | Zig:6    | Killed an ancient lich
 58508 | Zig:6    | Identified the +3 ring mail of Patterns {Dex+5}
 58526 | Zig:7    | Entered Level 7 of a ziggurat
 58592 | Zig:8    | Entered Level 8 of a ziggurat
 58626 | Zig:8    | Found the +7 great mace "Undeadhunter" {deathbane, rN+}
 58650 | Zig:9    | Entered Level 9 of a ziggurat
 58726 | Zig:9    | Reached XP level 27. HP: 291/291 MP: 35/35
 58735 | Zig:9    | Got the Dissertation on Diablerie
 58759 | Zig:10   | Entered Level 10 of a ziggurat
 58804 | Zig:10   | Found the +8 pair of quick blades "Gyre" and "Gimble"
                  | {protect}
 58816 | Zig:10   | Identified the +0 quarterstaff of Seskown {speed, rCorr}
 58820 | Zig:10   | Identified the staff "Vionut" {rElec rPois Str+3 Alchemy}
 58824 | Zig:10   | Identified the +1 dagger "Kuelu" {vamp, Str+7 Int+2}
 58828 | Zig:11   | Entered Level 11 of a ziggurat
 58898 | Zig:11   | Identified the amulet "Rayv" {Acrobat -Tele Str+9 Dex+3
                  | Stlth-}
 58907 | Zig:11   | Identified the +3 plate armour of the Boiling Point {rPois
                  | rC- Slay+3 SInv}
 58921 | Zig:12   | Entered Level 12 of a ziggurat
 58976 | Zig:12   | Got the Reference Book on the Grave and the Swarm
 58983 | Zig:12   | Identified the +10 mace of the Mashing Augurer {spect,
                  | Will- rCorr Dex+3 Stlth+}
 58986 | Zig:12   | Identified the +4 plate armour of the Engineer {rC+ Dex+3}
 59016 | Zig:13   | Entered Level 13 of a ziggurat
 59153 | Zig:13   | Identified the ring of Qasho {Will+ MP+9 Str+3}
 59190 | Zig:14   | Entered Level 14 of a ziggurat
 59218 | Zig:14   | Gained mutation: Armour fits poorly on your strangely
                  | shaped body. [a neqoxec]
 59221 | Zig:14   | Paralysed by accursed screaming for 1 turns
 59225 | Zig:14   | Gained mutation: You are occasionally teleported next to
                  | monsters. [a neqoxec]
 59230 | Zig:14   | Gained mutation: Your body often deteriorates upon taking
                  | damage. [a neqoxec]
 59252 | Zig:14   | Identified the maw talisman "Ycaweotz" {Str+3}
 59260 | Zig:14   | Identified the +4 ice dragon scales "Digraibi" {rF- rC++
                  | Dex+3 Stlth-}
 59263 | Zig:14   | Identified the death talisman of Action {Str-4 Int+4}
 59264 | Zig:14   | Identified the +10 battleaxe of Fragile Peace {freeze,
                  | rElec Dex+6}
 59270 | Zig:14   | Identified the +8 falchion of Fragile Peace {heavy, *Rage
                  | Int+4}
 59308 | Zig:14   | Lost mutation: Armour fits poorly on your strangely shaped
                  | body. [potion of mutation]
 59308 | Zig:14   | Lost mutation: Your body often deteriorates upon taking
                  | damage. [potion of mutation]
 59308 | Zig:14   | Lost mutation: You are resistant to electric shocks.
                  | (rElec) [potion of mutation]
 59308 | Zig:14   | Gained mutation: You have large cloven feet. [potion of
                  | mutation]
 59309 | Zig:14   | Lost mutation: You have a pair of antennae on your head.
                  | [potion of mutation]
 59309 | Zig:14   | Lost mutation: You have supernaturally acute eyesight.
                  | (SInv) [potion of mutation]
 59309 | Zig:14   | Gained mutation: You passively map a small area around you.
                  | [potion of mutation]
 59310 | Zig:14   | Lost mutation: You occasionally shout uncontrollably at
                  | your foes. [potion of mutation]
 59310 | Zig:14   | Lost mutation: You passively map a small area around you.
                  | [potion of mutation]
 59310 | Zig:14   | Lost mutation: Your skin changes colour to match your
                  | surroundings (Stealth+). [potion of mutation]
 59310 | Zig:14   | Gained mutation: You have hidden genetic potential. [potion
                  | of mutation]
 59310 | Zig:14   | Gained mutation: You are partially covered in large bone
                  | plates. (SH +4) [potion of mutation]
 59311 | Zig:14   | Lost mutation: You have a pair of small antennae on your
                  | head. [potion of mutation]
 59311 | Zig:14   | Lost mutation: Your body sometimes deteriorates upon taking
                  | damage. [potion of mutation]
 59311 | Zig:14   | Lost mutation: Potions are less effective at restoring your
                  | health. [potion of mutation]
 59311 | Zig:14   | Gained mutation: You are vulnerable to cold. (rC-) [potion
                  | of mutation]
 59311 | Zig:14   | Gained mutation: You passively map a small area around you.
                  | [potion of mutation]
 59312 | Zig:14   | Lost mutation: You are weak. (Str -2) [potion of mutation]
 59312 | Zig:14   | Lost mutation: You passively map a small area around you.
                  | [potion of mutation]
 59312 | Zig:14   | Gained mutation: You have an increased reservoir of magic.
                  | (+10% MP) [potion of mutation]
 59312 | Zig:14   | Lost mutation: You are partially covered in large bone
                  | plates. (SH +4) [potion of mutation]
 59312 | Zig:14   | Gained mutation: You are resistant to electric shocks.
                  | (rElec) [potion of mutation]
 59313 | Zig:14   | Lost mutation: Your spells are a little harder to cast, but
                  | a little more powerful. [potion of mutation]
 59313 | Zig:14   | Lost mutation: You have hidden genetic potential. [potion
                  | of mutation]
 59313 | Zig:14   | Gained mutation: Your body sometimes deteriorates upon
                  | taking damage. [potion of mutation]
 59314 | Zig:14   | Lost mutation: Your system is resistant to poisons. (rPois)
                  | [potion of mutation]
 59314 | Zig:14   | Lost mutation: Your body sometimes deteriorates upon taking
                  | damage. [potion of mutation]
 59314 | Zig:14   | Gained mutation: Your mind is acute. (Int +4, Str/Dex -1)
                  | [potion of mutation]
 59314 | Zig:14   | Gained mutation: You expend magic power (3 MP) to
                  | strengthen your wands. [potion of mutation]
 59315 | Zig:14   | Lost mutation: You are resistant to electric shocks.
                  | (rElec) [potion of mutation]
 59315 | Zig:14   | Lost mutation: You are occasionally teleported next to
                  | monsters. [potion of mutation]
 59315 | Zig:14   | Gained mutation: Your mind is very acute. (Int +8, Str/Dex
                  | -2) [potion of mutation]
 59316 | Zig:14   | Lost mutation: You have large cloven feet. [potion of
                  | mutation]
 59316 | Zig:14   | Lost mutation: You are vulnerable to cold. (rC-) [potion of
                  | mutation]
 59316 | Zig:14   | Gained mutation: Your muscles are strong. (Str +4, Int/Dex
                  | -1) [potion of mutation]
 59316 | Zig:14   | Gained mutation: You have a considerably increased
                  | reservoir of magic. (+20% MP) [potion of mutation]
 59322 | Zig:14   | Lost mutation: Your muscles are strong. (Str +4, Int/Dex
                  | -1) [potion of mutation]
 59322 | Zig:14   | Lost mutation: You expend magic power (3 MP) to strengthen
                  | your wands. [potion of mutation]
 59322 | Zig:14   | Gained mutation: You occasionally shout uncontrollably at
                  | your foes. [potion of mutation]
 59322 | Zig:14   | Gained mutation: Your health recovers twice as slowly from
                  | being drained. [potion of mutation]
 59322 | Zig:14   | Gained mutation: You have large cloven feet. [potion of
                  | mutation]
 59323 | Zig:14   | Lost mutation: Your mind is very acute. (Int +8, Str/Dex
                  | -2) [potion of mutation]
 59323 | Zig:14   | Lost mutation: You have large cloven feet. [potion of
                  | mutation]
 59323 | Zig:14   | Gained mutation: You have a pair of small horns on your
                  | head. [potion of mutation]
 59324 | Zig:14   | Lost mutation: You have a pair of small horns on your head.
                  | [potion of mutation]
 59324 | Zig:14   | Lost mutation: Your mind is acute. (Int +4, Str/Dex -1)
                  | [potion of mutation]
 59324 | Zig:14   | Lost mutation: You occasionally shout uncontrollably at
                  | your foes. [potion of mutation]
 59325 | Zig:14   | Lost mutation: Your health recovers twice as slowly from
                  | being drained. [potion of mutation]
 59325 | Zig:14   | Lost mutation: You have a considerably increased reservoir
                  | of magic. (+20% MP) [potion of mutation]
 59325 | Zig:14   | Gained mutation: You possess an exceptional clarity of
                  | mind. [potion of mutation]
 59344 | Zig:15   | Entered Level 15 of a ziggurat
 59428 | Zig:15   | Found the +13 scythe of Curses {drain, curses, ^Drain}
 59428 | Zig:15   | Found the ring of the Hare {EV+10}
 59433 | Zig:15   | Identified the +1 leather armour of Fyishiti {Will+}
 59436 | Zig:15   | Identified the ring of Desertification {+Blink rF+ rC-
                  | rCorr}
 59445 | Zig:15   | Identified the ring "Wemataz" {rN+ MP+9 Int+2 Dex+4 Slay+4}
 59451 | Zig:15   | Acquired 1056 gold pieces
 59459 | Zig:15   | Identified the +2 storm dragon scales of Complete
                  | Protection {Rampage rElec Will+}
 59505 | Zig:16   | Entered Level 16 of a ziggurat
 59530 | Zig:16   | Noticed an ancient lich
 59543 | Zig:16   | Noticed an ancient lich
 59545 | Zig:16   | Killed an ancient lich
 59565 | Zig:16   | Killed an ancient lich
 59609 | Zig:16   | Found the +3 hat of Pondering {ponderous, Will+ MP+10
                  | Int+5}
 59609 | Zig:16   | Found the +4 robe of Folly {Brill Will-∞ Int+8}
 59618 | Zig:16   | Got Sif Muna's Incunabulum of Singed Fermentation
 59639 | Zig:16   | Identified the +1 scale mail "Afiyskah" {rN+ MP+9}
 59646 | Zig:16   | Identified the +2 quarterstaff of Moderation {heavy, Fly}
 59674 | Zig:17   | Entered Level 17 of a ziggurat
 59692 | Zig:17   | Noticed a dread lich
 59693 | Zig:17   | Noticed an ancient lich
 59693 | Zig:17   | Noticed a dread lich
 59697 | Zig:17   | Noticed a dread lich
 59703 | Zig:17   | Noticed a dread lich
 59718 | Zig:17   | Killed an ancient lich
 59720 | Zig:17   | Killed a dread lich
 59731 | Zig:17   | Killed a dread lich
 59762 | Zig:17   | Killed a dread lich
 59766 | Zig:17   | Noticed a dread lich
 59768 | Zig:17   | Noticed an ancient lich
 59771 | Zig:17   | Killed a dread lich
 59805 | Zig:17   | Identified the +1 quarterstaff "Niphaograp" {flame, Dex+4}
 59810 | Zig:17   | Identified the ring "Wytim" {rF+ Will+ Dex+2}
 59816 | Zig:17   | Identified the +8 orcbow "Goeny" {flame, *Slow rCorr Dex+2
                  | Stlth+}
 59817 | Zig:17   | Identified the ring of Free Will {rPois rN++ rCorr Int-3
                  | SInv}
 59825 | Zig:17   | Identified the +1 chain mail of Vlad {Dex+2 Stlth+}
 59858 | Zig:18   | Entered Level 18 of a ziggurat
 59900 | Zig:18   | Noticed an ancient lich
 59904 | Zig:18   | Noticed a dread lich
 60005 | Zig:18   | Killed a dread lich
 60034 | Zig:18   | Killed an ancient lich
 60083 | Zig:18   | Found the +1 robe of Vines {NoPotionHeal Regen++++}
 60083 | Zig:18   | Found the +7 lajatang of Order {silver, rMut}
 60090 | Zig:18   | Identified the +5 morningstar "Cuedgh" {drain, *Rage rElec
                  | rF+}
 60194 | Zig:19   | Entered Level 19 of a ziggurat
 60344 | Zig:19   | Got the Lectures on Mustering and Causimancy
 60345 | Zig:19   | Identified the ring "Dychu" {rF+ rN+}
 60346 | Zig:19   | Identified the staff of the Crafting Sybil {*Corrode rF+
                  | rN+ Dex+2 Stlth+ Necro}
 60349 | Zig:19   | Identified the +11 hand axe of Terra Cotta {drain, rF+
                  | rCorr Int-3}
 60372 | Zig:19   | Identified the staff of Reapportionment {rElec rF+ Fire}
 60373 | Zig:19   | Identified the +1 swamp dragon scales "Peraed" {rPois rF++
                  | SInv}
 60426 | Zig:20   | Entered Level 20 of a ziggurat
 60597 | Zig:20   | Identified the +2 ring mail "Xelaphel" {Rampage *Slow rC++
                  | Int+3}
 60605 | Zig:20   | Identified the +5 ring mail of the Devil's Team {+Blink
                  | rElec Dex+4}
 60615 | Zig:20   | Identified the staff of Fragile Peace {Str+3 Earth}
 60618 | Zig:20   | Identified the ring "Omuiwnoumo" {rF+ rCorr Str+2}
 60623 | Zig:20   | Got the Guide on Anthracomancy
 60624 | Zig:20   | Identified the blade talisman of Untruth {Int+3 Dex+2}
 60631 | Zig:20   | Got Hunoett's Treatise on Chilblains and Spectres
 60672 | Zig:21   | Entered Level 21 of a ziggurat
 60767 | Zig:21   | Reached skill level 15 in Armour
 60811 | Zig:21   | Got the Excursus on the Resplendent Tektite
 60848 | Zig:22   | Entered Level 22 of a ziggurat
 60929 | Zig:22   | Found the +0 mask of the Dragon {Will+ Slay+3 SInv}
 61017 | Zig:22   | Identified the staff "Demonspawn's Bane" {Int+3 Conj Hexes
                  | Air}
 61022 | Zig:22   | Identified the staff "Faustuli" {+Blink rElec rC- Summ
                  | Necro Air}
 61054 | Zig:22   | Reached skill level 5 in Evocations
 61063 | Zig:22   | Identified the +12 war axe of Instant Death {pain, Int+2}
 61064 | Zig:22   | Identified the +3 quarterstaff "Loihum" {spect, Str-4
                  | Int+5}
 61103 | Zig:23   | Entered Level 23 of a ziggurat
 61116 | Zig:23   | Noticed a royal mummy
 61123 | Zig:23   | Noticed a royal mummy
 61123 | Zig:23   | Noticed a royal mummy
 61128 | Zig:23   | Noticed a royal mummy
 61130 | Zig:23   | Killed a royal mummy
 61139 | Zig:23   | Noticed a royal mummy
 61145 | Zig:23   | Noticed a royal mummy
 61148 | Zig:23   | Noticed a royal mummy
 61150 | Zig:23   | Noticed a royal mummy
 61155 | Zig:23   | Noticed a royal mummy
 61166 | Zig:23   | Noticed a royal mummy
 61166 | Zig:23   | Killed a royal mummy
 61167 | Zig:23   | Noticed a royal mummy
 61180 | Zig:23   | Killed a royal mummy
 61185 | Zig:23   | Killed a royal mummy
 61223 | Zig:23   | Killed a royal mummy
 61232 | Zig:23   | Killed a royal mummy
 61233 | Zig:23   | Killed a royal mummy
 61241 | Zig:23   | Killed a royal mummy
 61268 | Zig:23   | Killed a royal mummy
 61292 | Zig:23   | Killed a royal mummy
 61301 | Zig:23   | Killed a royal mummy
 61359 | Zig:23   | Identified the +6 quarterstaff of Busup {flame, rN++ Int-4
                  | Dex+6}
 61373 | Zig:23   | Identified the staff "Piwn" {rElec Int+3 Dex+5 Air}
 61375 | Zig:23   | Got the Almanac of Bombardment and the Fair Folk
 61400 | Zig:24   | Entered Level 24 of a ziggurat
 61657 | Zig:24   | Identified the +9 arbalest of Ojiqoora {elec, rN++ Will-
                  | rCorr Str+3}
 61662 | Zig:24   | Got the Compendium of Ill-starred Abominable Magic
 61666 | Zig:24   | Identified the maw talisman of Summertime {rElec rC+}
 61668 | Zig:24   | Got the Handbook of Red Dislocation
 61674 | Zig:24   | Identified the +11 whip of Lemul {antimagic, rPois rC++}
 61675 | Zig:24   | Identified the +9 plate armour of Indecent Exposure {rC+
                  | Str+3}
 61680 | Zig:24   | Got the Spellbook of Invitation and Battle Magic
 61682 | Zig:24   | Identified the ring of Yvetax {+Blink rPois Dex+6}
 61708 | Zig:25   | Entered Level 25 of a ziggurat
 61722 | Zig:25   | Noticed a juggernaut
 61732 | Zig:25   | Noticed a juggernaut
 61732 | Zig:25   | Killed a juggernaut
 61733 | Zig:25   | Noticed a juggernaut
 61734 | Zig:25   | Noticed a juggernaut
 61737 | Zig:25   | Noticed a juggernaut
 61740 | Zig:25   | Killed a juggernaut
 61750 | Zig:25   | Killed a juggernaut
 61752 | Zig:25   | Killed a juggernaut
 61756 | Zig:25   | Noticed a juggernaut
 61793 | Zig:25   | Killed a juggernaut
 61793 | Zig:25   | Killed a juggernaut
 61877 | Zig:25   | Reached skill level 10 in Spellcasting
 61881 | Zig:25   | Acquired a manual of Translocations
 61882 | Zig:25   | Acquired the +1 helmet "Puaruy Ruqer" {rF+ rC+ Slay-5}
 61888 | Zig:25   | Acquired a manual of Armour
 61905 | Zig:25   | Identified the ring of Departure {Wiz Will+ Str+2}
 61922 | Zig:25   | Identified the +1 leather armour "Soaponey" {rPois rF+}
 61978 | Zig:26   | Entered Level 26 of a ziggurat
 62079 | Zig:26   | Reached skill level 15 in Translocations
 62208 | Zig:26   | Found the +8 storm bow {elec, penet}
 62224 | Zig:26   | Identified the +4 scale mail of Hairy Intercession {rCorr
                  | Str+3}
 62227 | Zig:26   | Identified the staff of Dauckigg {rPois rN+ rCorr Int-4
                  | Dex+5 Necro}
 62231 | Zig:26   | Identified the ring "Xevonah" {*Slow rElec Will++ rCorr
                  | Str+6}
 62237 | Zig:26   | Identified the +0 flail "Siasoof" {protect, rF++ SInv}
 62253 | Zig:26   | Learned a level 1 spell: Apportation
 62258 | Zig:26   | Learned a level 4 spell: Manifold Assault
 62267 | Zig:26   | Learned a level 8 spell: Disjunction
 62323 | Zig:27   | Entered Level 27 of a ziggurat
 62558 | Zig:27   | Found the +9 staff of Olgreb {rPois∞}
 62578 | Zig:27   | Identified the staff of Jusoxob {rN+ rCorr Dex+2 Stlth-
                  | Summ Necro Alchemy}
 62579 | Zig:27   | Identified the +9 lajatang "Xyhaskongi" {speed, rC++ rCorr
                  | Dex+4}
 62586 | Zig:27   | Identified the +5 quarterstaff of the Vendetta {flame,
                  | Dex+2}
 62596 | Zig:27   | Identified the ring "Bonwikh" {Fire ^Drain rElec rCorr
                  | SInv}
 62857 | Pan      | Entered Pandemonium
 63085 | Pan      | Entered the realm of Cerebov.
 63606 | Pan      | Found an exit through the horrors of the Abyss.
 63801 | Pan      | Found the +6 sword of Cerebov {flame}
 63801 | Pan      | Noticed Cerebov
 63928 | Pan      | Killed Cerebov
 64262 | Pan      | Identified the +1 cloak "Iceptiw" {Regen+ Int+4 Dex+3
                  | Stlth-}
 64325 | Pan      | Identified the +6 long sword of the Foremost Eyes {freeze,
                  | Str+2 Dex+3}
 64333 | Pan      | Identified the +4 morningstar of Checkmate {holy, rPois
                  | Str+5 Dex-5 Stlth-}
 64388 | Pan      | Identified the staff of Peace {rElec rPois Hexes Summ
                  | Alchemy}
 64413 | Pan      | Got a fiery rune of Zot
 64517 | Pan      | Noticed Dompacvo the pandemonium lord
 64543 | Abyss:3  | Cast into level 3 of the Abyss (+2 demon trident of
                  | distortion)
 64760 | Pan      | Escaped the Abyss
 64765 | Pan      | Killed Dompacvo the pandemonium lord
 64781 | Abyss:3  | Cast into level 3 of the Abyss (+2 demon trident of
                  | distortion)
 64838 | Abyss:3  | Found a corrupted altar of Lugonu.
 64881 | Pan      | Escaped the Abyss
 65391 | Pan      | Got a demonic rune of Zot
 65882 | Pan      | Found a sparkling altar of Nemelex Xobeh.
 66466 | Pan      | Noticed Lucuo the pandemonium lord
 66490 | Pan      | Killed Lucuo the pandemonium lord
 66797 | Pan      | Identified the +7 trident "Ladid" {freeze, rPois rC+ Int+4
                  | Dex-2}
 66932 | Pan      | Identified the +2 trident of Omnoi {spect, rF+}
 66940 | Pan      | Found a runed translucent door.
 67259 | Pan      | Noticed Noclouh the pandemonium lord
 67276 | Pan      | Killed Noclouh the pandemonium lord
 67405 | Pan      | Entered the realm of Gloorx Vloq.
 67525 | Pan      | Noticed Gloorx Vloq
 67537 | Pan      | Killed Gloorx Vloq
 67583 | Pan      | Got a dark rune of Zot
 68355 | Pan      | Entered the realm of Mnoleg.
 68398 | Pan      | Noticed Mnoleg
 68429 | Pan      | Killed Mnoleg
 68669 | Pan      | Acquired a manual of Air Magic
 68972 | Pan      | Got a glowing rune of Zot
 69083 | Pan      | Identified the +6 scale mail of Tomorrow {+Inv rPois Will-
                  | rCorr Str-2}
 70382 | Pan      | Identified the +1 plate armour of Henotheism {-Tele MP+9
                  | Dex+5}
 70468 | Pan      | Noticed a seraph
 70474 | Pan      | Killed a seraph
 70493 | Pan      | Identified the +6 flail "Umah" {venom, rC+ Stlth+}
 70496 | Pan      | Identified the +5 war axe of Mayhem {speed, Fly Will+
                  | Str+4}
 70771 | Pan      | Identified the +4 tower shield "Emone" {Int+3}
 71336 | Pan      | Entered the realm of Lom Lobon.
 71337 | Pan      | Noticed Lom Lobon
 71356 | Pan      | Killed Lom Lobon
 71391 | Pan      | Got a magical rune of Zot
 72735 | Pan      | Identified the +4 helmet of Deorph {Harm *Slow rPois rCorr}
 72809 | Pan      | Noticed Nim Loxy the pandemonium lord
 72824 | Pan      | Killed Nim Loxy the pandemonium lord
 72828 | Pan      | Reached skill level 15 in Spellcasting
 73368 | Pan      | Identified the ring of Undoing {rC+ Str+2 Int+3}
 73732 | Pan      | Found a runed translucent door.
 73745 | Pan      | Found a runed translucent door.
 73746 | Pan      | Found a runed translucent door.
 73747 | Pan      | Noticed Jexkutig the pandemonium lord
 73748 | Pan      | Found a runed translucent door.
 73752 | Pan      | Killed Jexkutig the pandemonium lord
 74050 | Pan      | Found an exit through the horrors of the Abyss.
 74064 | Pan      | Took an exit into the Abyss.
 74064 | Abyss:3  | Escaped into the Abyss
 74122 | Depths:2 | Escaped the Abyss
 74129 | Depths:2 | Lost mutation: You possess an exceptional clarity of mind.
                  | [potion of mutation]
 74129 | Depths:2 | Lost mutation: You have an increased reservoir of magic.
                  | (+10% MP) [potion of mutation]
 74129 | Depths:2 | Gained mutation: Your spells are a little harder to cast,
                  | but a little more powerful. [potion of mutation]
 74129 | Depths:2 | Gained mutation: Armour fits poorly on your strangely
                  | shaped body. [potion of mutation]
 74129 | Depths:2 | Gained mutation: You are agile. (Dex +4, Str/Int -1)
                  | [potion of mutation]
 74130 | Depths:2 | Lost mutation: Armour fits poorly on your strangely shaped
                  | body. [potion of mutation]
 74130 | Depths:2 | Lost mutation: Your spells are a little harder to cast, but
                  | a little more powerful. [potion of mutation]
 74130 | Depths:2 | Lost mutation: You are agile. (Dex +4, Str/Int -1) [potion
                  | of mutation]
 74130 | Depths:2 | Gained mutation: You are clumsy. (Dex -2) [potion of
                  | mutation]
 74130 | Depths:2 | Gained mutation: You have a pair of small horns on your
                  | head. [potion of mutation]
 74131 | Depths:2 | Lost mutation: You have a pair of small horns on your head.
                  | [potion of mutation]
 74131 | Depths:2 | Lost mutation: You are clumsy. (Dex -2) [potion of
                  | mutation]
 74131 | Depths:2 | Gained mutation: You are vulnerable to cold. (rC-) [potion
                  | of mutation]
 74131 | Depths:2 | Gained mutation: You are dopey. (Int -2) [potion of
                  | mutation]
 74131 | Depths:2 | Gained mutation: You are very dopey. (Int -4) [potion of
                  | mutation]
 74131 | Depths:2 | Gained mutation: You expend magic power (3 MP) to
                  | strengthen your wands. [potion of mutation]
 74132 | Depths:2 | Lost mutation: You expend magic power (3 MP) to strengthen
                  | your wands. [potion of mutation]
 74132 | Depths:2 | Lost mutation: You are very dopey. (Int -4) [potion of
                  | mutation]
 74132 | Depths:2 | Gained mutation: You occasionally lose the ability to read
                  | scrolls when taking damage. [potion of mutation]
 74132 | Depths:2 | Gained mutation: You have a pair of small antennae on your
                  | head. [potion of mutation]
 74133 | Depths:2 | Lost mutation: You have a pair of small antennae on your
                  | head. [potion of mutation]
 74133 | Depths:2 | Lost mutation: You occasionally lose the ability to read
                  | scrolls when taking damage. [potion of mutation]
 74133 | Depths:2 | Lost mutation: You are dopey. (Int -2) [potion of mutation]
 74133 | Depths:2 | Gained mutation: You have hidden genetic defects. [potion
                  | of mutation]
 74133 | Depths:2 | Gained mutation: Your spells are a little easier to cast,
                  | but a little less powerful. [potion of mutation]
 74133 | Depths:2 | Gained mutation: You passively map a small area around you.
                  | [potion of mutation]
 74134 | Depths:2 | Lost mutation: You passively map a small area around you.
                  | [potion of mutation]
 74134 | Depths:2 | Lost mutation: You are vulnerable to cold. (rC-) [potion of
                  | mutation]
 74134 | Depths:2 | Lost mutation: Your spells are a little easier to cast, but
                  | a little less powerful. [potion of mutation]
 74134 | Depths:2 | Gained mutation: You have sharp toenails. [potion of
                  | mutation]
 74134 | Depths:2 | Gained mutation: You are resistant to electric shocks.
                  | (rElec) [potion of mutation]
 74135 | Depths:2 | Lost mutation: You are resistant to electric shocks.
                  | (rElec) [potion of mutation]
 74135 | Depths:2 | Lost mutation: You have hidden genetic defects. [potion of
                  | mutation]
 74135 | Depths:2 | Gained mutation: You are strong-willed. (Will+) [potion of
                  | mutation]
 74135 | Depths:2 | Gained mutation: You have a pair of small horns on your
                  | head. [potion of mutation]
 74136 | Depths:2 | Lost mutation: You have a pair of small horns on your head.
                  | [potion of mutation]
 74136 | Depths:2 | Lost mutation: You are strong-willed. (Will+) [potion of
                  | mutation]
 74136 | Depths:2 | Lost mutation: You have sharp toenails. [potion of
                  | mutation]
 74136 | Depths:2 | Gained mutation: You have sharp toenails. [potion of
                  | mutation]
 74136 | Depths:2 | Gained mutation: You are covered in fur. (AC +1) [potion of
                  | mutation]
 74136 | Depths:2 | Gained mutation: Your spells are a little harder to cast,
                  | but a little more powerful. [potion of mutation]
 74137 | Depths:2 | Lost mutation: Your spells are a little harder to cast, but
                  | a little more powerful. [potion of mutation]
 74137 | Depths:2 | Lost mutation: You are covered in fur. (AC +1) [potion of
                  | mutation]
 74137 | Depths:2 | Lost mutation: You have sharp toenails. [potion of
                  | mutation]
 74137 | Depths:2 | Gained mutation: You have a somewhat thin skeletal
                  | structure. (Dex +2, Stealth+) [potion of mutation]
 74137 | Depths:2 | Gained mutation: You are clumsy. (Dex -2) [potion of
                  | mutation]
 74137 | Depths:2 | Gained mutation: You have a beak for a mouth. [potion of
                  | mutation]
 74138 | Depths:2 | Lost mutation: You are clumsy. (Dex -2) [potion of
                  | mutation]
 74138 | Depths:2 | Lost mutation: You have a somewhat thin skeletal structure.
                  | (Dex +2, Stealth+) [potion of mutation]
 74138 | Depths:2 | Gained mutation: You sometimes lose your temper in combat.
                  | [potion of mutation]
 74138 | Depths:2 | Gained mutation: Your system is resistant to poisons.
                  | (rPois) [potion of mutation]
 74138 | Depths:2 | Gained mutation: Your health recovers twice as slowly from
                  | being drained. [potion of mutation]
 74138 | Depths:2 | Gained mutation: You expend magic power (3 MP) to
                  | strengthen your wands. [potion of mutation]
 74139 | Depths:2 | Lost mutation: You sometimes lose your temper in combat.
                  | [potion of mutation]
 74139 | Depths:2 | Lost mutation: You have a beak for a mouth. [potion of
                  | mutation]
 74139 | Depths:2 | Gained mutation: You have a pair of small antennae on your
                  | head. [potion of mutation]
 74139 | Depths:2 | Gained mutation: You have sharp toenails. [potion of
                  | mutation]
 74140 | Depths:2 | Lost mutation: Your health recovers twice as slowly from
                  | being drained. [potion of mutation]
 74140 | Depths:2 | Lost mutation: You have sharp toenails. [potion of
                  | mutation]
 74140 | Depths:2 | Gained mutation: You are covered in fur. (AC +1) [potion of
                  | mutation]
 74140 | Depths:2 | Gained mutation: You are clumsy. (Dex -2) [potion of
                  | mutation]
 74140 | Depths:2 | Gained mutation: You sometimes lose your temper in combat.
                  | [potion of mutation]
 74141 | Depths:2 | Lost mutation: You expend magic power (3 MP) to strengthen
                  | your wands. [potion of mutation]
 74141 | Depths:2 | Lost mutation: You are covered in fur. (AC +1) [potion of
                  | mutation]
 74141 | Depths:2 | Gained mutation: You passively dampen the noise of your
                  | surroundings. [potion of mutation]
 74141 | Depths:2 | Lost mutation: Your system is resistant to poisons. (rPois)
                  | [potion of mutation]
 74141 | Depths:2 | Gained mutation: You are covered in fur. (AC +1) [potion of
                  | mutation]
 74142 | Depths:2 | Lost mutation: You sometimes lose your temper in combat.
                  | [potion of mutation]
 74142 | Depths:2 | Lost mutation: You are clumsy. (Dex -2) [potion of
                  | mutation]
 74142 | Depths:2 | Lost mutation: You passively dampen the noise of your
                  | surroundings. [potion of mutation]
 74142 | Depths:2 | Gained mutation: You do not regenerate when monsters are
                  | visible. [potion of mutation]
 74142 | Depths:2 | Lost mutation: You do not regenerate when monsters are
                  | visible. [potion of mutation]
 74142 | Depths:2 | Gained mutation: Your mind is acute. (Int +4, Str/Dex -1)
                  | [potion of mutation]
 74143 | Depths:2 | Lost mutation: You have a pair of small antennae on your
                  | head. [potion of mutation]
 74143 | Depths:2 | Lost mutation: Your mind is acute. (Int +4, Str/Dex -1)
                  | [potion of mutation]
 74143 | Depths:2 | Lost mutation: You are covered in fur. (AC +1) [potion of
                  | mutation]
 74143 | Depths:2 | Gained mutation: Your spells are a little harder to cast,
                  | but a little more powerful. [potion of mutation]
 74144 | Depths:2 | Lost mutation: Your spells are a little harder to cast, but
                  | a little more powerful. [potion of mutation]
 74144 | Depths:2 | Gained mutation: You occasionally lose the ability to read
                  | scrolls when taking damage. [potion of mutation]
 74144 | Depths:2 | Gained mutation: You are somewhat resistant to further
                  | mutation. [potion of mutation]
 75079 | Tomb:1   | Entered Level 1 of the Tomb of the Ancients
 75139 | Tomb:1   | Noticed a royal mummy
 75493 | Tomb:1   | Noticed a royal mummy
 75501 | Tomb:1   | Killed a royal mummy
 75542 | Tomb:1   | Noticed a royal mummy
 75546 | Tomb:1   | Noticed a royal mummy
 75559 | Tomb:1   | Killed a royal mummy
 75569 | Tomb:1   | Killed a royal mummy
 75927 | Tomb:2   | Noticed a royal mummy
 75928 | Tomb:2   | Noticed a royal mummy
 75931 | Tomb:2   | Noticed a royal mummy
 75933 | Tomb:2   | Noticed a royal mummy
 75942 | Tomb:2   | Killed a royal mummy
 75963 | Tomb:2   | Killed a royal mummy
 75975 | Tomb:2   | Killed a royal mummy
 76017 | Tomb:2   | Killed a royal mummy
 76357 | Tomb:1   | Noticed a royal mummy
 76357 | Tomb:1   | Noticed a royal mummy
 76357 | Tomb:1   | Noticed a royal mummy
 76357 | Tomb:1   | Noticed a royal mummy
 76357 | Tomb:1   | Noticed a royal mummy
 76357 | Tomb:1   | Noticed a royal mummy
 76378 | Tomb:1   | Killed a royal mummy
 76388 | Tomb:1   | Killed a royal mummy
 76390 | Tomb:1   | Killed a royal mummy
 76392 | Tomb:1   | Killed a royal mummy
 76396 | Tomb:1   | Killed a royal mummy
 76404 | Tomb:1   | Killed a royal mummy
 76417 | Tomb:1   | Noticed a royal mummy
 76421 | Tomb:1   | Killed a royal mummy
 76478 | Tomb:1   | Noticed a royal mummy
 76482 | Tomb:1   | Noticed a royal mummy
 76484 | Tomb:1   | Noticed a royal mummy
 76487 | Tomb:1   | Killed a royal mummy
 76491 | Tomb:1   | Killed a royal mummy
 76495 | Tomb:1   | Noticed a royal mummy
 76500 | Tomb:1   | Killed a royal mummy
 76509 | Tomb:1   | Killed a royal mummy
 76514 | Tomb:1   | Noticed a royal mummy
 76516 | Tomb:1   | Noticed a royal mummy
 76523 | Tomb:1   | Killed a royal mummy
 76527 | Tomb:1   | Killed a royal mummy
 76538 | Tomb:1   | Killed a royal mummy
 76593 | Tomb:2   | Paralysed by a Zot trap for 4 turns
 76742 | Tomb:3   | Entered Level 3 of the Tomb of the Ancients
 76781 | Tomb:3   | Noticed a royal mummy
 76797 | Tomb:3   | Noticed a royal mummy
 76798 | Tomb:3   | Noticed a royal mummy
 76801 | Tomb:3   | Noticed a royal mummy
 76802 | Tomb:3   | Killed a royal mummy
 76808 | Tomb:3   | Killed a royal mummy
 76810 | Tomb:3   | Killed a royal mummy
 76812 | Tomb:3   | Noticed a royal mummy
 76812 | Tomb:3   | Noticed a royal mummy
 76812 | Tomb:3   | Noticed a royal mummy
 76812 | Tomb:3   | Noticed a royal mummy
 76817 | Tomb:3   | Killed a royal mummy
 76823 | Tomb:3   | Killed a royal mummy
 76827 | Tomb:3   | Noticed a royal mummy
 76832 | Tomb:3   | Killed a royal mummy
 76840 | Tomb:3   | Killed a royal mummy
 76848 | Tomb:3   | Killed a royal mummy
 76900 | Tomb:3   | Killed a royal mummy
 77043 | Tomb:3   | Got a golden rune of Zot
 77077 | Tomb:3   | Identified the +4 long sword of Jugyrch {flame, *Noise rN+
                  | Str+3}
 77083 | Tomb:3   | Identified the +8 longbow of Cheese {freeze, rElec SInv}
 77095 | Tomb:3   | Identified the +5 sling "Rigamud" {freeze, Dex+3 SInv}
 77107 | Tomb:3   | Identified the +1 sling of Wyamoir {heavy, Will+ SInv}
 77127 | Tomb:3   | Identified the ring "Yriafor" {Fire Will+ rCorr Int+2}
 77160 | Tomb:3   | Identified the +5 hand axe of Diet Blood {heavy, rF+ Str+3
                  | Int+4}
 77838 | Hell     | Entered the Vestibule of Hell
 77838 | Hell     | Noticed Geryon
 77910 | Hell     | Killed Geryon
 77971 | Hell     | Found a gateway to the Iron City of Dis.
 78069 | Hell     | Found a gateway to the decaying netherworld of Tartarus.
 78148 | Hell     | Found a gateway to the freezing wastes of Cocytus.
 78281 | Hell     | Found a gateway to the ashen valley of Gehenna.
 78388 | Tar:1    | Entered Level 1 of Tartarus
 78574 | Tar:4    | You are sucked into a shaft and drop 2 floors!
 78868 | Tar:7    | Entered Level 7 of Tartarus
 79690 | Tar:7    | Noticed Ereshkigal
 79701 | Tar:7    | Killed Ereshkigal
 79739 | Tar:7    | Found the +0 cloak of the Thief {Quiet Slay-3 SInv Stlth+}
 79740 | Tar:7    | Identified the amulet "Fotu" {Reflect Int+4 SH+5}
 79747 | Tar:7    | Got a bone rune of Zot
 80461 | Tar:7    | Identified the amulet of Mirth {Faith Harm ^Fragile SInv}
 80463 | Tar:7    | Identified the +9 falchion "Jemp" {freeze, rC+ Str-3 Dex+6}
 80920 | Coc:1    | Entered Level 1 of Cocytus
 80926 | Coc:1    | Paralysed by a wendigo for 1 turns
 81631 | Coc:5    | Paralysed by a wendigo for 1 turns
 81632 | Coc:5    | Reached skill level 27 in Translocations
 81696 | Coc:7    | Entered Level 7 of Cocytus
 81912 | Coc:7    | Paralysed by a wendigo for 1 turns
 81922 | Coc:7    | Paralysed by a wendigo for 1 turns
 81925 | Coc:7    | Noticed the Serpent of Hell
 81934 | Coc:7    | Killed the Serpent of Hell
 82007 | Coc:7    | Paralysed by a wendigo for 1 turns
 82325 | Coc:7    | Noticed Antaeus
 82334 | Coc:7    | Killed Antaeus
 82352 | Coc:7    | Got an icy rune of Zot
 82353 | Coc:7    | Found the ring of the Octopus King
 82354 | Coc:7    | Found the +10 zealot's sword {holy, Zealotry, *Rage rN+
                  | EV+3}
 82357 | Coc:7    | Identified a ring of the Octopus King {Fly HP+2 AC+2 EV+2
                  | SH+2}
 82362 | Coc:7    | Identified the +5 flail of Thoughtfulness {spect, ^Fragile
                  | Will+ rCorr}
 82405 | Coc:7    | Reached skill level 27 in Fighting
 82470 | Coc:7    | Identified the +1 leather armour of Tenacity {rElec Dex+3}
 82723 | Dis:1    | Entered Level 1 of the Iron City of Dis
 82984 | Dis:2    | Reached skill level 27 in Unarmed Combat
 83670 | Dis:7    | Entered Level 7 of the Iron City of Dis
 84236 | Dis:7    | Noticed a juggernaut
 84247 | Dis:7    | Killed a juggernaut
 84276 | Dis:7    | Noticed a juggernaut
 84523 | Dis:7    | Identified the staff of Rubbish {^Drain rElec rF+ Str+8
                  | Int-3 Air}
 84530 | Dis:7    | Identified the +0 robe of Makhleb's Envy {Harm}
 84770 | Dis:7    | Killed a juggernaut
 84890 | Dis:7    | Noticed a juggernaut
 84896 | Dis:7    | Killed a juggernaut
 85079 | Dis:7    | Noticed Dispater
 85096 | Dis:7    | Killed Dispater
 85115 | Dis:7    | Identified the amulet "Duf Xieng" {Reflect rC+ Will+ Str-3
                  | SH+5}
 85118 | Dis:7    | Got an iron rune of Zot
 85396 | Geh:1    | Entered Level 1 of Gehenna
 86770 | Geh:7    | Entered Level 7 of Gehenna
 86969 | Geh:7    | Identified the +7 trident of the Telling Gods {drain, rCorr
                  | SInv}
 87189 | Geh:7    | Identified the staff of Muenut {^Contam rElec rC+ Will++
                  | Necro Ice}
 87456 | Geh:7    | Found the +13 sceptre of Asmodeus
 87456 | Geh:7    | Noticed Asmodeus
 87482 | Geh:7    | Killed Asmodeus
 87549 | Geh:7    | Got an obsidian rune of Zot
 88030 | Zot:1    | Entered Level 1 of the Realm of Zot
 89853 | Zot:3    | Reached skill level 27 in Armour
 90470 | Zot:3    | Noticed Vv
 90483 | Zot:3    | Killed Vv
 91384 | Zot:4    | Found a shimmering altar of Xom.
 91394 | Zot:4    | Found a shimmering altar of Xom.
 91399 | Zot:4    | Reached skill level 27 in Shields
 91399 | Zot:4    | Found a shimmering altar of Xom.
 91399 | Zot:4    | Found a shimmering altar of Xom.
 91403 | Zot:4    | Found a shimmering altar of Xom.
 91403 | Zot:4    | Found a shimmering altar of Xom.
 91407 | Zot:4    | Found a shimmering altar of Xom.
 91480 | Zot:4    | Reached skill level 27 in Dodging
 91560 | Zot:5    | Entered Level 5 of the Realm of Zot
 91773 | Zot:5    | Noticed a dread lich
 91777 | Zot:5    | Killed a dread lich
 91780 | Zot:5    | Noticed an ancient lich
 91783 | Zot:5    | Killed an ancient lich
 91786 | Zot:5    | Noticed an orb of fire
 91791 | Zot:5    | Killed an orb of fire
 91791 | Zot:5    | Noticed a dread lich
 91794 | Zot:5    | Noticed a dread lich
 91798 | Zot:5    | Killed a dread lich
 91798 | Zot:5    | Killed a dread lich
 91846 | Zot:5    | Noticed an orb of fire
 91847 | Zot:5    | Killed an orb of fire
 91849 | Zot:5    | Noticed an orb of fire
 91851 | Zot:5    | Noticed an ancient lich
 91853 | Zot:5    | Killed an orb of fire
 91855 | Zot:5    | Noticed a dread lich
 91859 | Zot:5    | Killed a dread lich
 91865 | Zot:5    | Killed an ancient lich
 92092 | Zot:5    | Got the Orb of Zot
 92303 | Depths:4 | Noticed Cott the pandemonium lord
 92306 | Depths:4 | Killed Cott the pandemonium lord
 92530 | D:12     | Noticed Itryulyd the pandemonium lord
 92553 | D:12     | Killed Itryulyd the pandemonium lord
 92621 | D:8      | Noticed Juext the pandemonium lord
 92625 | D:8      | Killed Juext the pandemonium lord
 92804 | D:$      | Escaped with the Orb!

Illustrated notes

Levels and vault maps discovered:
D:1:      tarquinn_simple_flora_water_e, layout_loops_cross, serial_forest,
          infiniplex_forest_lined_ring, infiniplex_forest_lined_room_3,
          infiniplex_forest_split, infiniplex_forest_clump_double,
          infiniplex_forest_straight_4, infiniplex_forest_clump_medium,
          infiniplex_forest_lined_room_3, chequers_decorated_corner
D:2:      layout_loops_ring, hellmonk_ecumenical_altar_leap_of_faith,
          uniq_sigmund
D:3:      layout_basic, xom_butterflies, chequers_serial_rivers_micro_c
D:4:      black_bear_nest_1, layout_basic, minmay_temple_entry_stoned_glass,
          minmay_mini_jars, uniq_grinder
D:5:      minmay_octagon_keep, layout_loops_ring,
          nicolae_hepliaklqana_hippocampus, vehumet_crystals,
          guppyfry_early_orc_mine
D:6:      layout_basic, zin_academy, kennysheep_mini_moat, minmay_manual_mares
D:7:      minmay_razor_zed, layout_layer_cave, lightli_minifort
D:8:      layout_cave_pods, fedhas_altar_3, gammafunk_ghost_cemetery,
          uniq_pikel, uniq_erica, uniq_maggie
D:9:      layout_irregular_city, grunt_gozag_breadcrumbs, serial_shops,
          nicolae_shop_tiny_statue_garden, shop, nicolae_shop_window_shopping,
          shop_fountains, shop
D:10:     layout_rooms, minmay_overflow_temple_star_quad,
          mainiacjoe_overflow_cross_hatched, lair_entry_dummy, serial_shops,
          shop, nicolae_shop_vocational, uniq_erolcha
D:11:     layout_layer_cave
D:12:     layout_basic, uniq_azrael
D:13:     layout_basic, david_vaults_3
D:14:     layout_long_grid, serial_shops, shop, nrook_uturn
D:15:     hellmonk_depths_entry_around_the_bend, layout_long_grid,
          corexii_leaking_fountain, gammafunk_ghost_necromancy,
          trove_entry_hex_spiral, nicolae_concentric_dashed_squares_wild,
          minmay_st_funbox
Temple:   chequers_temple_sunken
Lair:1:   layout_cave_pods, lemuel_fruit_fields, infiniplex_staircase_pool_2,
          lemuel_fruit_fields
Lair:2:   layout_roguey, mainiacjoe_swamp_entry_lozenge_pond,
          guppyfry_snake_entry_island, serial_bayou_lake_a
Lair:3:   layout_loops_ring, minivault_25
Lair:4:   layout_regular_city
Lair:5:   grunt_lair_end_beastmaster, layout_gridlike,
          minmay_slime_entry_jelly_boxes, ebering_ghost_rock_garden,
          minivault_23, bobbens_ice_dragon_lair
Swamp:1:  layout_basic_swamp, evilmike_swamp_ruin_house_6, swamp_pool_3,
          infiniplex_staircase_pool
Swamp:2:  layout_basic_swamp, evilmike_swamp_ruin_rubble_2, uniq_roxanne
Swamp:3:  layout_basic_swamp, evilmike_swamp_ruin_rubble_1
Swamp:4:  grunt_swamp_rune_castle, layout_basic_swamp, swamp_pool_5
Snake:1:  layout_cave_shapes, grunt_megastairs_3
Snake:2:  layout_misc_corridors
Snake:3:  layout_cave_town, uniq_mara, uniq_aizul
Snake:4:  grunt_snake_rune_serpentine_throne, layout_cave_town, minmay_shop_star
Slime:1:  layout_caves
Slime:2:  cheibrodos_slime_lost_civilization_2, layout_caves, basic_altar
Slime:3:  layout_caves
Slime:4:  layout_caves
Slime:5:  slime_pit_nicolae_amoeboid
Orc:1:    cheibrodos_orc_guarddog, layout_diamond_mine,
          ebering_ghost_reflecting_pool, uniq_josephine, uniq_snorg
Orc:2:    st_orc_open, layout_caves
Elf:1:    layout_rooms, guppyfry_elf_altar, nicolae_specific_store,
          fountainhead, hex_medium, uniq_jorgrun, uniq_zenata
Elf:2:    elven_hall_of_blades_hangedman_original [mumra_blade_entry_dagger],
          layout_geoelf_diagonals, uniq_saint_roka, uniq_agnes
Elf:3:    elf_hall, layout_geoelf_octagon
Vaults:1: portal_desolation_entry_nicolae_slug, nicolae_vaults_trapezoid_2,
          v_misc_16, v_rooms_2, nicolae_vaults_more_shelving_2,
          nicolae_vaults_octothorpe, vaults_dpeg_doors, v_misc_4,
          nicolae_vaults_trapezoid_4, vaults_dpeg_encased_lava, v_misc_18,
          nicolae_vaults_ring_of_whatevers, layout_vaults_omnibox, serial_shops,
          nicolae_shop_peninsula, uniq_asterion
Vaults:2: ontoclasm_vaults_bender, nicolae_vaults_surprise_closet, v_misc_22,
          nicolae_vaults_meiosis, vaults_mumra_hexcomb,
          nicolae_vaults_display_case, minmay_crypt_entry_simple_box,
          nicolae_vaults_mini_display_case, hangedman_vaults_slice,
          nicolae_vaults_surprise_closet, layout_vaults_omnigrid
Vaults:3: nicolae_vaults_ring_of_whatevers, vaults_dpeg_hooks,
          hangedman_vaults_impose, nicolae_vaults_octothorpe,
          nicolae_vaults_mitosis, dpeg_vaults_monster_box,
          nicolae_vaults_storage_closets_2, hangedman_vaults_corner_blocks,
          vaults_standard_mumra_enter_the_diamond,
          nicolae_vaults_storing_the_good_stuff, hangedman_vaults_capsules,
          nicolae_vaults_two_Ls, nicolae_vaults_closet_pinwheel_4, serial_ice_g,
          vaults_room_pools, v_misc_16, ontoclasm_vaults_hangar,
          layout_vaults_maze, serial_shops, shop
Vaults:4: nicolae_vaults_tetromino_Z_1, ontoclasm_vaults_decontamination,
          nicolae_vaults_security_offices_5, nicolae_vaults_rhombus_6,
          nicolae_vaults_closet_pinwheel_4,
          vaults_standard_mumra_enter_the_diamond, v_misc_27,
          nicolae_vaults_tetromino_L_2, nicolae_vaults_house_1,
          vaults_dpeg_diagonal, nicolae_vaults_storage_room_glass,
          layout_vaults_chaotic_city
Vaults:5
Crypt:1:  hangedman_screamer, layout_basic, infiniplex_enter_wizlab_spiral,
          grunt_crypt_arrival_split
Crypt:2:  layout_misc_corridors, nicolae_crypt_fancy_cubbyholes, st_stairs_11,
          grunt_ministairs_11, nicolae_crypt_reliquary_box
Crypt:3:  cryptofortress_bobbens
Tomb:1
Tomb:2
Tomb:3
Depths:1: layout_cave_pools, hellmouth_1, abyss_entry,
          statue_in_the_mist_lemuel, pdpol_wu_jian_five_deadly_venoms,
          uniq_bai_suzhen
Depths:2: minmay_isolated_rectangles_in_corner, layout_cave_pools,
          nicolae_lava_and_water, hangedman_tar_grid_catacomb,
          grunt_pan_entry_in_and_out
Depths:3: nicolae_BIG_FREAKIN_CUBE, layout_twisted_cross, abyss_entry_glasseish,
          grunt_mini_vestibule, dreamdust_wishing_well, minmay_metal_thing,
          uniq_mennas, uniq_parghit
Depths:4: evilmike_zot_entry_round, layout_long_grid, enter_ziggurat_c,
          roderic_roman_lattice, serial_shops, statue_bzr, pf_coc_iceberg,
          uniq_josephina
Hell
Dis:1:    layout_gridville
Dis:2:    layout_jigsaw, nicolae_dis_distal_crystal
Dis:3:    layout_gridville
Dis:4:    layout_regular_city
Dis:5:    layout_regular_city
Dis:6:    layout_regular_city
Dis:7:    dis_grunt_layers
Geh:1:    layout_gehenna_pools_triple
Geh:2:    layout_gehenna_pools_triple
Geh:3:    layout_gehenna_pools_box
Geh:4:    layout_gehenna_lava_caves
Geh:5:    layout_gehenna_pools_box
Geh:6:    layout_gehenna_pools_triple
Geh:7:    geh_hangedman
Coc:1:    layout_ice_bergs
Coc:2:    nicolae_coc_caina, layout_ice_bergs
Coc:3:    layout_cocytus_water_paths
Coc:4:    layout_ice_bergs, nicolae_coc_icebean_singular
          [nicolae_sub_coc_subbean]
Coc:5:    layout_ice_bergs
Coc:6:    nicolae_coc_caroushell, layout_ice_bergs,
          nicolae_hells_seeping_fissure
Coc:7:    coc_old
Tar:1:    layout_cathedral_of_symmetry, nicolae_tar_cuneiform_sun,
          nicolae_tar_cuneiform_two
Tar:2:    minmay_shadows, layout_catacombs, nicolae_tar_cuneiform_bird
Tar:3:    layout_grid_maze, nicolae_hells_fiendish_ambush
Tar:4:    layout_grid_maze
Tar:6:    layout_honeycomb
Tar:7:    tar_minmay_river
Zot:1:    layout_twisted_circle
Zot:2:    layout_basic, grunt_megastairs_5
Zot:3:    hangedman_zot_vaults_quadrants, layout_concentric_octagons,
          skrybe_zot_glass_1, uniq_vv
Zot:4:    dreamdust_zin_vs_xom, layout_misc_corridors,
          hangedman_zot_wheel_spokes
Zot:5:    layout_concentric_octagons, hangedman_zot_gyre

Skill      XL: |  1  2  3  4  5  6  7  8  9 10 11 12 13 14 15 16 17 18 19 20 21 22 23 24 25 26 27 |
---------------+----------------------------------------------------------------------------------+-----
Ranged Weapons | 4 |  4.3
Long Blades    | 3 |  3.9
Unarmed Combat | 2 4 7 9 12 13 14 15 16 17 18 19 20 21 22 27 | 27.0
Dodging        | 2 4 5 7 8 9 10 11 13 15 16 27 | 27.0
Armour         | 1 3 5 6 7 8 9 10 11 12 13 27 | 27.0
Fighting       | 3 6 9 10 12 13 14 15 16 17 18 19 20 27 | 27.0
Shields        | 3 5 6 7 8 10 12 13 15 16 17 27 | 27.0
Shapeshifting  | 3 4 5 7 10 13 14 15 16 17 19 25 | 25.2
Air Magic      | 1 7 9 10 11 14 | 14.2
Translocations | 1 7 9 10 11 12 27 | 27.0
Spellcasting   | 1 3 6 8 16 | 16.1
Evocations     | 7 |  7.3
Stealth        | |  0.8

Action                     |  1- 3 |  4- 6 |  7- 9 | 10-12 | 13-15 | 16-18 | 19-21 | 22-24 | 25-27 || total
---------------------------+-------+-------+-------+-------+-------+-------+-------+-------+-------++-------
  Melee: Unarmed           |       |   193 |   384 |   773 |  1313 |  1708 |  1721 |  1797 | 13767 || 21656
         Punch             |       |     4 |    26 |    70 |   156 |   121 |       |       |       ||   377
         Headbutt          |       |       |       |       |       |       |       |    40 |    16 ||    56
   Fire: Shortbow          |    46 |     1 |       |       |       |       |       |       |       ||    47
         Sling             |       |    21 |       |       |       |       |       |       |       ||    21
  Throw: Dart              |     2 |     4 |     7 |     3 |       |       |       |       |       ||    16
         Throwing net      |       |       |       |     1 |       |       |       |       |       ||     1
   Cast: Vhi's Electric Ch |       |       |       |       |       |     1 |     4 |    27 |    51 ||    83
         Manifold Assault  |       |       |       |       |       |       |       |       |    35 ||    35
         Disjunction       |       |       |       |       |       |       |       |       |     3 ||     3
 Invoke: Serpent's Lash    |       |       |       |     4 |     4 |    14 |     6 |     6 |    16 ||    50
         Heavenly Storm    |       |       |       |       |     3 |     5 |     4 |     3 |    26 ||    41
Ability: Lunge             |       |     3 |    33 |    50 |    93 |   140 |    86 |   118 |   865 ||  1388
         Whirlwind         |       |       |    42 |   232 |   523 |   609 |  1045 |   670 |  5310 ||  8431
         Wall Jump         |       |       |       |       |     1 |       |       |       |       ||     1
  Evoke: Wand              |       |     1 |       |       |     2 |       |       |     1 |     3 ||     7
         Sack of spiders   |       |       |       |       |     1 |     1 |       |       |       ||     2
         Condenser vane    |       |       |       |       |     1 |       |       |     2 |     2 ||     5
         Phantom mirror    |       |       |       |       |     1 |       |       |       |       ||     1
         Lightning rod     |       |       |       |       |       |       |       |     4 |       ||     4
    Use: Scroll            |       |     4 |     4 |     8 |    10 |     8 |     5 |    10 |    38 ||    87
         Potion            |       |     1 |       |     1 |       |     9 |     1 |     5 |    43 ||    60
   Stab: Sleeping          |       |       |     2 |     3 |     1 |     2 |     2 |     3 |     7 ||    20
         Held in net/web   |       |       |       |     1 |       |     2 |       |       |       ||     3
         Distracted        |       |       |       |     1 |     2 |     4 |       |     1 |     7 ||    15
         Confused          |       |       |       |       |       |     1 |       |     2 |     3 ||     6
 Armour: Ring mail         |    12 |   116 |   107 |       |       |       |       |       |       ||   235
         Steam dragon scal |       |       |    79 |     2 |       |       |       |       |       ||    81
         Acid dragon scale |       |       |       |   360 |   250 |       |       |       |       ||   610
         Chain mail        |       |       |       |       |   252 |   105 |     8 |    42 |       ||   407
         Swamp dragon scal |       |       |       |       |       |   920 |   202 |       |       ||  1122
         Skin              |       |       |       |       |       |   136 |   424 |   767 |   500 ||  1827
         Gold dragon scale |       |       |       |       |       |       |       |       |  2079 ||  2079
  Dodge: Dodged            |     9 |    88 |   124 |   392 |   728 |  1187 |   884 |   725 |  3132 ||  7269
         Repelled          |       |       |       |       |       |       |    40 |   162 |   198 ||   400
  Block: Kite shield       |       |       |       |       |       |   275 |       |       |       ||   275
         Tower shield      |       |       |       |       |       |   299 |  1719 |  1706 | 10566 || 14290
         Reflection        |       |       |       |       |       |    32 |   104 |   111 |     3 ||   250
   Form: Statue            |       |       |       |       |       |     1 |     2 |     1 |     3 ||     7
                           |       |       |       |       |       |       |     2 |     1 |     7 ||    10
         Death             |       |       |       |       |       |       |       |       |     7 ||     7

Table legend: (Time is in decaauts)
 A = Elapsed time spent in this place.
 B = Non-inter-level travel time spent in this place.
 C = Inter-level travel time spent in this place.
 D = Time resting spent in this place.
 E = Time spent auto-exploring this place.
 F = Levels seen in this place.
 G = Mean time per level.
                   A        B        C        D        E       F      G
               +--------+--------+--------+--------+--------+-----+--------+
         Total | 100738 |  91878 |   8860 |   1641 |  61636 | 142 |  709.4 |
       Dungeon |  19611 |  16611 |   3000 |    167 |  13240 |  15 | 1307.4 |
        Temple |     36 |      2 |     34 |      0 |      0 |   1 |   36.0 |
          Lair |   6170 |   5562 |    608 |    133 |   4101 |   5 | 1234.0 |
         Swamp |   4307 |   4119 |    188 |    202 |   2992 |   4 | 1076.8 |
     Snake Pit |   5370 |   5184 |    186 |      3 |   4079 |   4 | 1342.5 |
    Slime Pits |   1631 |   1553 |     78 |     69 |    831 |   5 |  326.2 |
  Orcish Mines |   2045 |   1694 |    351 |      0 |   1308 |   2 | 1022.5 |
   Elven Halls |   4284 |   4030 |    254 |    300 |   2413 |   3 | 1428.0 |
        Vaults |  10056 |   8982 |   1074 |     97 |   6470 |   5 | 2011.2 |
         Crypt |   4485 |   4109 |    376 |      0 |   2947 |   3 | 1495.0 |
          Tomb |   2389 |   2088 |    301 |      0 |   1108 |   3 |  796.3 |
        Depths |   7065 |   5759 |   1306 |    474 |   3728 |   4 | 1766.2 |
          Hell |    798 |    502 |    296 |      0 |    266 |   1 |  798.0 |
           Dis |   2438 |   2248 |    190 |      0 |   1510 |   7 |  348.3 |
       Gehenna |   2397 |   2264 |    133 |      0 |   1587 |   7 |  342.4 |
       Cocytus |   1707 |   1543 |    164 |      0 |    933 |   7 |  243.9 |
      Tartarus |   2313 |   2165 |    148 |      0 |   1475 |   6 |  385.5 |
           Zot |   4043 |   3878 |    165 |      0 |   2877 |   5 |  808.6 |
         Abyss |   1787 |   1787 |      0 |    131 |    211 |   6 |  297.8 |
   Pandemonium |  10426 |  10426 |      0 |     26 |   6899 |  18 |  579.2 |
      Ziggurat |   4780 |   4780 |      0 |     37 |   1523 |  27 |  177.0 |
        Bazaar |     52 |     52 |      0 |      0 |     42 |   1 |   52.0 |
         Trove |     47 |     47 |      0 |      0 |      0 |   1 |   47.0 |
        Wizlab |   1654 |   1654 |      0 |      0 |    790 |   1 | 1654.0 |
    Desolation |    837 |    837 |      0 |      0 |    301 |   1 |  837.0 |
               +--------+--------+--------+--------+--------+-----+--------+

Top non-repeatable levels by time:
Vaults:2: 2554 daAuts
Vaults:1: 2264 daAuts
    D:15: 2020 daAuts
Depths:2: 2000 daAuts
    D:12: 1917 daAuts
Vaults:4: 1894 daAuts
Depths:3: 1877 daAuts
   Tar:7: 1858 daAuts
Depths:1: 1856 daAuts
 Crypt:1: 1757 daAuts
Vaults:3: 1727 daAuts
 Abyss:3: 1722 daAuts
   Elf:2: 1686 daAuts
  WizLab: 1654 daAuts
Vaults:5: 1616 daAuts
